Workbook
Name \a: #REF!
Name \a: #REF!
Name \b: #REF!
Name \eliminar: [1]RESUM96!#REF!
Name \eliminar1: [1]RESUM96!#REF!
Name \i: [2]INSUMOS!#REF!
Name \m: [2]INSUMOS!#REF!
Name \q: #REF!
Name \r: [2]INSUMOS!#REF!
Name \s: #REF!
Name \s: #REF!
Name \t: [2]INSUMOS!#REF!
Name \X: [3]!err
Name \x: [2]INSUMOS!#REF!
Name \Z: [3]!err
Name _\a: #REF!
Name _\b: #REF!
Name _\eliminar: [1]RESUM96!#REF!
Name _\eliminar1: [1]RESUM96!#REF!
Name _\i: [2]INSUMOS!#REF!
Name _________________________________________________AFC1: [4]INV!$A$25:$D$28
Name _________________________________________________AFC3: [4]INV!$F$25:$I$28
Name _________________________________________________AFC5: [4]INV!$K$25:$N$28
Name _________________________________________________BGC1: [4]INV!$A$5:$D$8
Name _________________________________________________BGC3: [4]INV!$F$5:$I$8
Name _________________________________________________BGC5: [4]INV!$K$5:$N$8
Name _________________________________________________CAC1: [4]INV!$A$19:$D$22
Name _________________________________________________CAC3: [4]INV!$F$19:$I$22
Name _________________________________________________CAC5: [4]INV!$K$19:$N$22
Name _________________________________________________SBC1: [4]INV!$A$12:$D$15
Name _________________________________________________SBC3: [4]INV!$F$12:$I$15
Name _________________________________________________SBC5: [4]INV!$K$12:$N$15
Name ________________________________________________AFC1: [4]INV!$A$25:$D$28
Name ________________________________________________AFC3: [4]INV!$F$25:$I$28
Name ________________________________________________AFC5: [4]INV!$K$25:$N$28
Name ________________________________________________BGC1: [4]INV!$A$5:$D$8
Name ________________________________________________BGC3: [4]INV!$F$5:$I$8
Name ________________________________________________BGC5: [4]INV!$K$5:$N$8
Name ________________________________________________CAC1: [4]INV!$A$19:$D$22
Name ________________________________________________CAC3: [4]INV!$F$19:$I$22
Name ________________________________________________CAC5: [4]INV!$K$19:$N$22
Name ________________________________________________SBC1: [4]INV!$A$12:$D$15
Name ________________________________________________SBC3: [4]INV!$F$12:$I$15
Name ________________________________________________SBC5: [4]INV!$K$12:$N$15
Name _______________________________________________AFC1: [4]INV!$A$25:$D$28
Name _______________________________________________AFC3: [4]INV!$F$25:$I$28
Name _______________________________________________AFC5: [4]INV!$K$25:$N$28
Name _______________________________________________BGC1: [4]INV!$A$5:$D$8
Name _______________________________________________BGC3: [4]INV!$F$5:$I$8
Name _______________________________________________BGC5: [4]INV!$K$5:$N$8
Name _______________________________________________CAC1: [4]INV!$A$19:$D$22
Name _______________________________________________CAC3: [4]INV!$F$19:$I$22
Name _______________________________________________CAC5: [4]INV!$K$19:$N$22
Name _______________________________________________SBC1: [4]INV!$A$12:$D$15
Name _______________________________________________SBC3: [4]INV!$F$12:$I$15
Name _______________________________________________SBC5: [4]INV!$K$12:$N$15
Name ______________________________________________AFC1: [4]INV!$A$25:$D$28
Name ______________________________________________AFC3: [4]INV!$F$25:$I$28
Name ______________________________________________AFC5: [4]INV!$K$25:$N$28
Name ______________________________________________BGC1: [4]INV!$A$5:$D$8

Sheet PRESUPUESTO
B1: MEJORAMIENTO DE LA VIA QUE COMUNICA LA VEREDA EL ENCANTO CON EL CORREGIMIENTO EL SILENCIO, MUNICIPIO DE CAREPA, DEPARTAMENTO DE ANTIOQUIA.
B3: PRESUPUESTO OFICIAL
B4: No | C4: ITEM DE PAGO | D4: ESPECIFICACIONES | F4: DESCRIPCION | G4: UNID | H4: CANTIDAD | I4: VALOR UNITARIO | J4: VALOR TOTAL | L4: Duración Etapa I | M4: 2 | N4: meses
D5: GENERAL 2017 | E5: PARTICULAR | L5: Duración Etapa II | M5: 5 | N5: meses
L6: Acarreo cantera | M6: Escombrera
B7: I - EXPLANACIONES | L7: 35 | M7: 15 | N7: km
B8: 1 | C8: 600.1.1 | D8: 600-13 | F8: EXCAVACIONES VARIAS SIN CLASIFICAR (Incluye retiro disposicion final) | G8: m3 | H8: =+[125]Cantidades!$H$8 -> 740.27 | I8: =+'600.1.1'!G43 -> 75026 | J8: =ROUND((+H8*I8),0) -> 55539497 | L8: acero | M8: 20 | N8: km
B9: 2 | C9: 220.1 | D9: 220-13 | F9: TERRAPLENES | G9: m3 | H9: =+[125]Cantidades!$H$9 -> 932.4 | I9: =+'220.1'!G42 -> 166855 | J9: =ROUND((+H9*I9),0) -> 155575602
B10: SUBTOTAL EXPLANACIONES | J10: =ROUND(SUM(J8:J9),0) -> 211115099
B11: II - AFIRMADOS, SUBBASES Y BASES
B12: 3 | C12: 320.3 | D12: 320-13 | F12: SUBBASE GRANULAR CLASE C | G12: m3 | H12: =+[125]Cantidades!$H$12 -> 600 | I12: =+'320.3'!G43 -> 198550 | J12: =ROUND((+H12*I12),0) -> 119130000
B13: SUBTOTAL AFIRMADO, SUBASES Y BASES | J13: =ROUND(SUM(J12:J12),0) -> 119130000
B14: III - ESTRUCTURA DE PAVIMENTO
B15: 4 | C15: 500.1 | D15: 500-13 | F15: PAVIMENTO EN CONCRETO HIDRÁULICO MR=3.8 Mpa (Incluye acero transferencia longitudinal y transversal y juntas) | G15: m3 | H15: =+[125]Cantidades!$H$15 -> 750 | I15: =+'500.1'!G44 -> 1204202 | J15: =ROUND((+H15*I15),0) -> 903151500
B16: SUBTOTAL PAVIMENTOS RIGIDOS | J16: =ROUND(J15,0) -> 903151500
B17: IV - ESTRUCTURAS Y DRENAJES
B18: 5 | C18: 600.1.1 | D18: 600-13 | F18: EXCAVACIONES VARIAS SIN CLASIFICAR | G18: m3 | H18: =+[125]Cantidades!$H$18 -> 414.92 | I18: =+'600.1.1'!G43 -> 75026 | J18: =ROUND((+H18*I18),0) -> 31129788
B19: 6 | C19: 610.2 | D19: 610-13 | F19: RELLENOS PARA ESTRUCTURAS CON RECEBO. | G19: m3 | H19: =+[125]Cantidades!$H$19 -> 57.21 | I19: =+'610.2'!G43 -> 131856 | J19: =ROUND((+H19*I19),0) -> 7543482
B20: 7 | C20: 640.1 | D20: 640-13 | F20: ACERO DE REFUERZO FY 420 MPA. | G20: kg | H20: =+[125]Cantidades!$H$20 -> 20179.72 | I20: =+'640.1'!G42 -> 8636 | J20: =ROUND((+H20*I20),0) -> 174272062
B21: 8 | C21: 661.1 | D21: 661-13 | F21: TUBERÍA DE CONCRETO REFORZADO CLASE D DE 900 MM DE DIAMETRO INTERIOR | G21: m | H21: =+[125]Cantidades!$H$21 -> 22.5 | I21: =+'661.1'!G42 -> 1121281 | J21: =ROUND((+H21*I21),0) -> 25228823
B22: 9 | C22: 630.4 | D22: 630-13 | F22: CONCRETO RESISTENCIA 21MPA (D) | G22: m3 | H22: =+[125]Cantidades!$H$22 -> 38.13 | I22: =+'630.4'!G42 -> 850421 | J22: =ROUND((+H22*I22),0) -> 32426553
B23: 10 | C23: 671.3 | E23: 671-13P | F23: CUNETA DE CONCRETO VACIADA IN SITU; INCLUYE LA CONFORMACION DE LA SUPERFICIE DE APOYO | G23: m3 | H23: =+[125]Cantidades!$H$23 -> 384 | I23: =+'671.3'!G42 -> 766050 | J23: =ROUND((+H23*I23),0) -> 294163200
B24: SUBTOTAL ESTRUCTURAS Y DRENAJES | J24: =ROUND(+SUM(J18:J23),0) -> 564763908
B25: V - SEÑALIZACIÓN Y SEGURIDAD
B26: 11 | C26: 710.1 | D26: 710-13 | F26: SEÑAL VERTICAL DE TRANSITO VERTICAL TIPO 1 CON LAMINA RETRORREFLECTIVA TIPO III (75X75) | G26: Und | H26: =+[125]Cantidades!$H$26 -> 10 | I26: =+'710.1'!G46 -> 696803 | J26: =ROUND((+H26*I26),0) -> 6968030
B27: 12 | C27: 700.1 | D27: 700-13 | F27: LINEA DEMARCACIÓN CON PINTURA EN FRÍO | G27: ml | H27: =+[125]Cantidades!$H$27 -> 3000 | I27: =+'700.1'!G46 -> 3474 | J27: =ROUND((+H27*I27),0) -> 10422000
B28: SUBTOTAL SEÑALIZACION Y SEGURIDAD | J28: =ROUND(+SUM(J26:J27),0) -> 17390030
B29: TOTAL COSTOS DIRECTOS | J29: =ROUND((+J28+J24+J16+J13+J10),0) -> 1815550537
B30: ADMINISTRACION | I30: =+'AIU '!C47 -> 0.31153837 | J30: =ROUND((+$J$29*I30),0) -> 565613662
B31: IMPREVISTOS | I31: 0.01 | J31: =ROUND((+$J$29*I31),0) -> 18155505
B32: UTILIDAD | I32: 0.05 | J32: =ROUND((+$J$29*I32),0) -> 90777527
B33: IVA UTILIDAD | I33: 0 | J33: =ROUND((+J32*I33),0) -> 0
J34: =ROUND(SUM(J29:J33),0) -> 2490097231
B35: V- PLAN DE GESTION INTEGRAL DE LA OBRA y COSTOS AMBIENTALES
B36: 13 | C36: 1010.1 | F36: IMPLEMENTACIÓN DEL PGIO (SST, Calidad, Ambiental, Transito,etc.) | G36: Und | H36: =+[125]Cantidades!$H$30 -> 1 | I36: =+'1010.1 PGIO '!F50 -> 51820627 | J36: =ROUND(+H36*I36,0) -> 51820627
F37: 1. IMPLEMETACIÓN PGIO - EJE SST | G37: Und | H37: 1 | I37: =+'1010.1 PGIO '!F14 -> 2025000
F38: 2. IMPLEMETACION PGIO - EJE AMBIENTAL (en caso de ser requerido) | G38: Und | H38: 1 | I38: =+'1010.1 PGIO '!F24 -> 15644466
F39: 3. IMPLEMETACION PGIO - EJE CALIDAD | G39: Und | H39: 1 | I39: =+'1010.1 PGIO '!F29 -> 1375000
F40: 4. IMPLEMENTACIÓN DE PLAN DE MANEJO DE TRÁNSITO | G40: Und | H40: 1 | I40: =+'1010.1 PGIO '!F48 -> 32776161
B41: VI - COSTO ETAPA I (AJUSTE Y APROPIACION ESTUDIOS Y DISEÑOS)
B42: 14 | E42: E1-O | F42: Etapa I (Ajuste y Apropiación, incluye IVA) | G42: Gl | H42: =+[125]Cantidades!$H$36 -> 1 | I42: =+'E1-O (Etapa I-Obra)'!M30 -> 69451408 | J42: =ROUND((+H42*I42),0) -> 69451408
B44: COSTO TOTAL DE OBRA (ETAPA I +ETAPA II) | J44: =ROUND((+J29+J30+J31+J32+J33+J36+J42),0) -> 2611369266
I45: Costo Interventoria | J45: 359284176
B46: COSTO TOTAL | J46: =+J44+J45 -> 2970653442
B49: NOTA: | C49: Los valores de los APU incluyen el valor del transporte de insumos, materiales con las distancias a las canteras y/o escombreras
B52: _____________________________________
B53: ING. VIANEY LARA
B54: PROFESIONAL RESPONSABLE
B55: MAT:13202-138828BLV

Sheet AIU 
B1: Nombre del Proyecto | C1: MEJORAMIENTO DE LA VIA QUE COMUNICA LA VEREDA EL ENCANTO CON EL CORREGIMIENTO EL SILENCIO, MUNICIPIO DE CAREPA, DEPARTAMENTO DE ANTIOQUIA.
B4: DESGLOCE DEL AIU
F5: Etapa I Duración | G5: 2 | H5: meses
B6: VALOR COSTO DIRECTO ALTERNATIVA | C6: =+PRESUPUESTO!J29 -> 1815550537 | F6: Etapa II Duración | G6: 5 | H6: meses
K7: SMMLV | L7: 1160000
B8: COSTOS DEL PERSONAL | K8: Aux | L8: 140606
B9: PERSONAL PROFESIONAL | C9: CANTIDAD | D9: DEDICACION | E9: VALOR /MES/BASE | F9: FACTOR PRESTACIONAL | G9: MESES | H9: VALOR TOTAL | I9: PORCENTAJE COSTO DIRECTO
B10: Director de Obra | C10: 1 | D10: 0.5 | E10: 6500000 | F10: 0.73 | G10: =+$G$6 -> 5 | H10: =+C10*D10*E10*(F10+1)*G10 -> 28112500 | I10: =+H10/$C$6 -> 0.015484284 | K10: 0.5 | L10: 28112500 | M10: 0.015694404
B11: Ingeniero Residente | C11: 1 | D11: 1 | E11: 4500000 | F11: 0.73 | G11: =+$G$6 -> 5 | H11: =+D11*E11*(F11+1)*G11 -> 38925000 | I11: =+H11/$C$6 -> 0.021439778 | K11: 1 | L11: 38925000 | M11: 0.021730713
B12: Cuadrilla Topografía (Topógrafo y Cadenero) | C12: 1 | D12: 0.5 | E12: 4750000 | F12: 0.73 | G12: =+$G$6 -> 5 | H12: =+D12*E12*(F12+1)*G12 -> 20543750 | I12: =+H12/$C$6 -> 0.011315438 | K12: 0.5 | L12: 20543750 | M12: 0.011468988
B13: Profesional SISOMA | C13: 1 | D13: 1 | E13: 3855000 | F13: 0.73 | G13: =+$G$6 -> 5 | H13: =+D13*E13*(F13+1)*G13 -> 33345750 | I13: =+H13/$C$6 -> 0.018366743 | K13: 1 | L13: 33345750 | M13: 0.018615978
B14: Profesional Social | C14: 1 | D14: 0.65 | E14: 3650000 | F14: 0.73 | G14: =+$G$6 -> 5 | H14: =+D14*E14*(F14+1)*G14 -> 20522125 | I14: =+H14/$C$6 -> 0.011303527 | K14: 0.5 | L14: 15786250 | M14: 0.0088130115
B15: Profesional Financiero | C15: 1 | D15: 0.5 | E15: 2200000 | F15: 0.85003333 | G15: =+$G$6 -> 5 | H15: =+D15*E15*(F15+1)*G15 -> 10175183 | I15: =+H15/$C$6 -> 0.0056044616 | K15: 0.5 | L15: 10175183 | M15: 0.0056805136
B16: Secretaria | C16: 1 | D16: 1 | E16: 1540000 | F16: 0.85003333 | G16: =+$G$6 -> 5 | H16: =+D16*E16*(F16+1)*G16 -> 14245257 | I16: =+H16/$C$6 -> 0.0078462463 | K16: 1 | L16: 14245257 | M16: 0.007952719
B17: TOTAL COSTO PERSONAL | H17: =SUM(H10:H16) -> 165869565 | I17: =SUM(I10:I16) -> 0.091360478 | L17: 161133690 | M17: 0.089956327
B18: GASTOS OPERACIONALES
B19: DESCRIPCIÓN | C19: CANTIDAD | D19: VALOR /MES/BASE | E19: MESES | F19: VALOR TOTAL | G19: PORCENTAJE COSTO DIRECTO
B20: Viaticos | C20: 1 | D20: 250000 | E20: 5 | F20: =+D20*E20*C20 -> 1250000 | G20: =+F20/$C$6 -> 0.0006884964
B21: Oficina/Campamento (incluye dotación y sevicios públicos) | C21: 1 | D21: 1500000 | E21: =+$G$6 -> 5 | F21: =+D21*E21*C21 -> 7500000 | G21: =+F21/$C$6 -> 0.0041309784
B22: Insumos de oficina (Computadores, impresora, entre otros) | C22: 1 | D22: 750000 | E22: =+$G$6 -> 5 | F22: =+D22*E22*C22 -> 3750000 | G22: =+F22/$C$6 -> 0.0020654892
B23: Camioneta o campero de más de 2000 cc modelo 2012 a 2021 (incluye conductor, peajes y combustible) | C23: 1 | D23: 7650000 | E23: =+$G$6 -> 5 | F23: =+D23*E23*C23 -> 38250000 | G23: =+F23/$C$6 -> 0.02106799
B24: Comisión topografía (Incluye equipo y transporte) | C24: 0.7 | D24: 1850000 | E24: 5 | F24: =+D24*E24*C24 -> 6475000 | G24: =+F24/$C$6 -> 0.0035664113
B25: Valla informativa proyecto | C25: 1 | D25: 750000 | E25: 1 | F25: =+D25*E25*C25 -> 750000 | G25: =+F25/$C$6 -> 0.00041309784
B26: Otros (fotos, informes, etc) | C26: 1 | D26: 450000 | E26: =+$G$6 -> 5 | F26: =+D26*E26*C26 -> 2250000 | G26: =+F26/$C$6 -> 0.0012392935
B27: Ensayos de laboratorio | C27: 1 | D27: =+F64 -> 2544000 | E27: =+$G$6 -> 5 | F27: =+D27*E27*C27 -> 12720000 | G27: =+F27/$C$6 -> 0.0070061393
B29: TOTAL GASTOS OPERACIONALES | F29: =SUM(F21:F28) -> 71695000 | G29: =SUM(G20:G28) -> 0.040177896
B30: GASTOS LEGALES Y/O IMPUESTOS
B31: DESCRIPCIÓN | C31: % | D31: VALOR BASE | E31: CANTIDAD | F31: VALOR TOTAL | G31: PORCENTAJE COSTO DIRECTO
B32: PÓLIZAS | C32: 0.015 | D32: =+C32*C6 -> 27233258 | E32: 1 | F32: =+E32*D32 -> 27233258 | G32: =+F32/$C$6 -> 0.015
B33: CONTRIBUCIONES ESPECIALES (IMPUESTO DE GUERRA) | C33: 0.05 | D33: =+C33*$C$6 -> 90777527 | E33: 1 | F33: =+E33*D33 -> 90777527 | G33: =+F33/$C$6 -> 0.05
B34: IMPUESTO DEL 4/1000 | C34: 0.004 | D34: =+C34*$C$6 -> 7262202.1 | E34: 1 | F34: =+E34*D34 -> 7262202.1 | G34: =+F34/$C$6 -> 0.004
B35: RETENCIÓN EN LA FUENTE | C35: 0.02 | D35: =+C35*$C$6 -> 36311011 | E35: 1 | F35: =+E35*D35 -> 36311011 | G35: =+F35/$C$6 -> 0.02
B36: ICA | C36: 0.009 | D36: =+C36*$C$6 -> 16339955 | E36: 1 | F36: =+E36*D36 -> 16339955 | G36: =+F36/$C$6 -> 0.009
B37: Estampilla Hospital | C37: 0.01 | D37: =+C37*$C$6 -> 18155505 | E37: 1 | F37: =+E37*D37 -> 18155505 | G37: =+F37/$C$6 -> 0.01
B38: Estampilla Pro-Cultura | C38: 0.012 | D38: =+C38*$C$6 -> 21786606 | E38: 1 | F38: =+E38*D38 -> 21786606 | G38: =+F38/$C$6 -> 0.012
B39: Estampilla Adulto Mayor | C39: 0.04 | D39: =+C39*$C$6 -> 72622021 | E39: 1 | F39: =+E39*D39 -> 72622021 | G39: =+F39/$C$6 -> 0.04
B40: Estampilla tasa Pro-Deporte | C40: 0.02 | D40: =+C40*$C$6 -> 36311011 | E40: 1 | F40: =+E40*D40 -> 36311011 | G40: =+F40/$C$6 -> 0.02
F41: =+E41*D41 -> 0
F42: =+E42*D42 -> 0
F43: =+E43*D43 -> 0
B44: TOTAL GASTOS LEGALES Y/O IMPUESTOS | F44: =SUM(F32:F43) -> 3.267991e+08 | G44: =SUM(G32:G43) -> 0.18
B47: ADMINISTRACIÓN | C47: =+I17+G29+G44 -> 0.31153837
B48: IMPREVISTO | C48: 0.01
B49: UTILIDAD | C49: =5% -> 0.05
B50: TOTAL AIU | C50: =+C47+C48+C49 -> 0.37153837
B54: DESGLOCE DE ENSAYOS A REALIZAR
B55: ENSAYO | C55: CANTIDAD | D55: VALOR | E55: MESES | F55: VALOR TOTAL
B56: CBR en laboratorio | C56: 1 | D56: 198000 | E56: 1 | F56: =+C56*D56*E56 -> 198000
B57: Compresion de Cilindros | C57: 25 | D57: 11000 | E57: 1 | F57: =+C57*D57*E57 -> 275000
B58: Modulo de rotura | C58: 25 | D58: 45000 | E58: 1 | F58: =+C58*D58*E58 -> 1125000
B59: Densidad en el terreno, metodo de Cono y Arena | C59: 1 | D59: 44000 | E59: 1 | F59: =+C59*D59*E59 -> 44000
B60: Diseño de mezcla | C60: 1 | D60: 660000 | E60: 1 | F60: =+C60*D60*E60 -> 660000
B61: Granulometría por tamizado Bases Subbases | C61: 1 | D61: 66000 | E61: 1 | F61: =+C61*D61*E61 -> 66000
B62: Limites de Atterberg | C62: 1 | D62: 88000 | E62: 1 | F62: =+C62*D62*E62 -> 88000
B63: Relación de humedad y densidad (Proctor estándar y Proctor modificado) | C63: 1 | D63: 88000 | E63: 1 | F63: =+C63*D63*E63 -> 88000
B64: VALOR TOTAL | F64: =SUM(F56:F63) -> 2544000

Sheet E1-O (Etapa I-Obra)
A1: PRESUPUESTO ETAPA DE APROPIACIÓN Y AJUSTE DE DISEÑOS PARA 1 PROYECTO OBRA
A3: NOMBRE DEL PROYECTO: | D3: =+PRESUPUESTO!B1 -> MEJORAMIENTO DE LA VIA QUE COMUNICA LA VEREDA EL ENCANTO CON EL CORREGIMIENTO EL SILENCIO, MUNICIPIO DE CAREPA, DEPARTAMENTO DE ANTIOQUIA.
A4: DURACIÓN ETAPA I : | D4: DOS (2) MESES
A6: DATOS ESPECÍFICOS
A9: I. PERSONAL
A10: DESCRIPCIÓN | H10: CANTIDAD | I10: COSTO MENSUAL | J10: TIEMPO (MES) | K10: PARTICIPACIÓN | M10: Vr. UNITARIO
A11: Coordinador Tecnico | H11: 1 | I11: 6000000 | J11: 2 | K11: 0.7 | M11: =ROUND(K11*J11*I11*H11,0) -> 8400000
A12: Especialista geotecnia | H12: 1 | I12: =5410186-372274 -> 5037912 | J12: 1 | K12: 0.5 | M12: =ROUND(K12*J12*I12*H12,0) -> 2518956
A13: Especialista en Hidráulica e Hidrología | H13: 1 | I13: =5410186-372274 -> 5037912 | J13: 1 | K13: 0.5 | M13: =ROUND(K13*J13*I13*H13,0) -> 2518956
A14: Especialista en Estructuras | H14: 1 | I14: =5410186-372274 -> 5037912 | J14: 1 | K14: 0.5 | M14: =ROUND(K14*J14*I14*H14,0) -> 2518956
A15: Especialista en diseño vias (geométrico, Pavimentos, Transito) | H15: 1 | I15: =5410186-372274 -> 5037912 | J15: 1.5 | K15: 0.5 | M15: =ROUND(K15*J15*I15*H15,0) -> 3778434
A16: Profesional en presupuesto | H16: 1 | I16: =4381379-62046 -> 4319333 | J16: 1 | K16: 0.5 | M16: =ROUND(K16*J16*I16*H16,0) -> 2159667
A17: Profesional ambiental | H17: 1 | I17: =4381379-62046 -> 4319333 | J17: 2 | K17: 0.5 | M17: =ROUND(K17*J17*I17*H17,0) -> 4319333
A18: SUBTOTAL | M18: =SUM(M11:M17) -> 26214302
A19: Factor multiplicador | M19: =+'FM Obra'!C39 -> 1.75
A20: SUBTOTAL | M20: =+ROUND(M18*M19,0) -> 45875029
A21: II. OTROS COSTOS
A22: DESCRIPCIÓN | J22: CANTIDAD | K22: PRECIO UNIT. | M22: Vr. UNITARIO
A23: Trabajo de Topografía (comision topografica incluida equipo) | J23: 1 | K23: 5500000 | M23: =ROUND(K23*J23,0) -> 5500000
A24: Ensayos de Laboratorio y sondeos | J24: 1 | K24: 2933332 | M24: =ROUND(K24*J24,0) -> 2933332
A25: Visita de Verificación | J25: 1 | K25: 4054167 | M25: =ROUND(K25*J25,0) -> 4054167
A26: SUBTOTAL | M26: =M25+M23+M24 -> 12487499
A27: TOTAL COSTO | M27: =+M26+M20 -> 58362528
K28: SUBTOTAL | M28: =M27 -> 58362528
K29: IVA 19% | M29: =+ROUND(M28*0.19,0) -> 11088880
K30: SUBTOTAL | M30: =+M28+M29 -> 69451408

Sheet FM Obra
A1: MEJORAMIENTO DE LA VIA QUE COMUNICA LA VEREDA EL ENCANTO CON EL CORREGIMIENTO EL SILENCIO, MUNICIPIO DE CAREPA, DEPARTAMENTO DE ANTIOQUIA.
B3: CALCULO DEL FACTOR MULTIPLICADOR | C3: =+C39 -> 1.75
A5: 1 | B5: HONORARIOS MENSUAL BASICO | C5: 1
A6: 2 | B6: PRESTACIONES SOCIALES
A7: 2.1 | B7: Prima mensual | C7: 0.0833
A8: 2.2 | B8: Cesantía mensual | C8: 0.0833
A9: 2.3 | B9: Intereses de cesantías | C9: 0.01
A10: 2.4 | B10: Salud | C10: 0.085
A11: 2.5 | B11: Pensión | C11: 0.12
A12: 2.6 | B12: SENA | C12: 0.02
A13: 2.7 | B13: ICBF | C13: 0.03
A14: 2.8 | B14: Subsidio Familiar | C14: 0.04
A15: 2.9 | B15: Vacaciones | C15: 0.0417
A16: 2.10 | B16: Arl | C16: 0.0696
B19: SUBTOTAL 2 - PRESTACIONES SOCIALES | C19: =ROUND(SUM(C7:C18),3) -> 0.583
A21: 3 | B21: IMPUESTOS
A22: 3.1 | B22: Rete ICA | C22: 0.007
A23: 3.2 | B23: FONSECON | C23: 0.05
A24: 3.3 | B24: Rtención en la Fuente | C24: 0.02
A25: 3.4 | B25: Estampilla Hospital | C25: 0.01
A26: 3.5 | B26: Estampilla Pro-Cultura | C26: 0.012
A27: 3.6 | B27: Estampilla Adulto Mayor | C27: 0.04
A28: 3.7 | B28: Estampilla tasa Pro-Deporte | C28: 0.02
A29: 3.8 | B29: GMF | C29: 0.004
B35: SUBTOTAL 3 - COSTOS INDIRECTOS | C35: =ROUND(SUM(C22:C33),3) -> 0.163
A39: 5 | B39: FACTOR MULTIPLICADOR = ( 1 + 2 + 3 + 4 ) / 100 | C39: =ROUND((C5+C19+C35+C37),2) -> 1.75
B41: CALCULO DEL FACTOR MULTIPLICADOR

Sheet FM
A1: MEJORAMIENTO DE LA VIA QUE COMUNICA LA VEREDA EL ENCANTO CON EL CORREGIMIENTO EL SILENCIO, MUNICIPIO DE CAREPA, DEPARTAMENTO DE ANTIOQUIA.
F3: SMLV | G3: 1160000
B4: CALCULO DEL FACTOR MULTIPLICADOR | F4: 2 SMLV | G4: =+G3*2 -> 2320000 | M4: Administrativo
F5: SALARIOS MENORES A 2 SMLV | I5: SALARIOS MAYORES A 2 SMLV
A6: 1 | B6: HONORARIOS MENSUAL BÁSICO | C6: =+ROUND((100%),2) -> 1 | F6: FACTOR PRESTACIONAL | G6: =SUM(G7:G21) -> 0.85813806 | I6: FACTOR PRESTACIONAL | J6: =SUM(J7:J21) -> 0.7145 | M6: FACTOR PRESTACIONAL | N6: =SUM(N7:N21) -> 0.77883806
A7: 2 | B7: PRESTACIONES SOCIALES | F7: Primas | G7: 0.0833 | I7: Primas | J7: 0.0833 | M7: Primas | N7: 0.0833
A8: 2.1 | B8: Prima mensual | C8: 0.0833 | F8: Cesantias | G8: 0.0833 | I8: Cesantias | J8: 0.0833 | M8: Cesantias | N8: 0.0833
A9: 2.2 | B9: Cesantía mensual | C9: 0.0833 | F9: Intereses de cesantias | G9: 0.01 | I9: Intereses de cesantias | J9: 0.01 | M9: Intereses de cesantias | N9: 0.01
A10: 2.3 | B10: Intereses de cesantías | C10: 0.01 | F10: Vacaciones | G10: 0.0417 | I10: Vacaciones | J10: 0.0417 | M10: Vacaciones | N10: 0.0417
A11: 2.4 | B11: Salud | C11: 0.085 | F11: Salud | G11: 0.085 | I11: Salud | J11: 0.085 | M11: Salud | N11: 0.085
A12: 2.5 | B12: Pensión | C12: 0.12 | F12: Subsidio familiar | G12: 0.04 | I12: Subsidio familiar | J12: 0.04 | M12: Subsidio familiar | N12: 0.04
A13: 2.6 | B13: SENA | C13: =2% -> 0.02 | F13: Pension | G13: 0.12 | I13: Pension | J13: 0.12 | M13: Pension | N13: 0.12
A14: 2.7 | B14: ICBF | C14: =3% -> 0.03 | F14: ARL | G14: 0.0697 | I14: ARL | J14: 0.0697 | M14: ARL | N14: 0.0104
A15: 2.8 | B15: Subsidio Familiar | C15: 0.04 | F15: Icbf | G15: 0.03 | I15: Icbf | J15: 0.03 | M15: Icbf | N15: 0.03
A16: 2.9 | B16: Vacaciones | C16: 0.0417 | F16: Sena | G16: 0.02 | I16: Sena | J16: 0.02 | M16: Sena | N16: 0.02
A17: 2.12 | B17: ARL | C17: 0.0696 | F17: Auxilio de Transporte | G17: 0.1172 | I17: Auxilio de Transporte | J17: 0 | M17: Auxilio de Transporte | N17: 0.1172
B18: Auxilio de transporte | C18: 0.01 | F18: Domingos y festivos | G18: 0.08 | I18: Domingos y festivos | J18: 0.08 | M18: Domingos y festivos | N18: 0.08
B19: SUBTOTAL 2 - PRESTACIONES SOCIALES | C19: =ROUND((SUM(C8:C18)),3) -> 0.593 | E19: 0 | F19: Dotación seguridad industrial | G19: 0.052938062 | I19: Dotación seguridad industrial | J19: 0.0265 | M19: Dotación seguridad industrial | N19: 0.052938062
A20: 3 | B20: COSTOS INDIRECTOS | F20: Seguro colectivo | G20: 0.005 | I20: Seguro colectivo | J20: 0.005 | M20: Seguro colectivo | N20: 0.005
B21: GASTOS LEGALES Y DE ADMINISTRACIÓN | F21: F.I.C (Para sector de la Construcción) | G21: 0.02 | I21: F.I.C (Para sector de la Construcción) | J21: 0.02 | M21: F.I.C (Para sector de la Construcción)
A22: 3.1 | B22: Gastos directos no reembolsables | C22: 0.03
A23: 3.2 | B23: Servicios públicos | C23: 0.02
A24: 3.3 | B24: Mantenimiento y operación de oficinas | C24: 0.02
A25: 3.4 | B25: Útiles y papelería | C25: 0.01
A26: 3.5 | B26: Póliza de calidad | C26: 0.0053
A27: 3.6 | B27: póliza cumplimiento | C27: 0.0099
A28: 3.7 | B28: Póliza Salarios y prestaciones Sociales | C28: 0.0265
A29: 3.8 | B29: Gastos legales y bancarios | C29: 0.01
A30: 3.9 | B30: Gastos de transporte y vehículos | C30: 0.025
A31: 3.1 | B31: Sistematización y Administración | C31: 0.02
A32: 3.12 | B32: Preparación de propuesta | C32: 0.015
A33: 3.13 | B33: Seguros | C33: 0.02
... A35: 3.15 | B35: Asesoría legal permanente (responsabilidad civil, penal, laboral, etc.) | C35: 0.01
B36: SUBTOTAL 3 - COSTOS INDIRECTOS | C36: =ROUND((SUM(C22:C35)),3) -> 0.232
A37: 4 | B37: CARGO POR HONORARIOS | C37: 0.2
B38: SUBTOTAL 4 - HONORARIOS | C38: =ROUND((SUM(C37)),3) -> 0.2
A40: 5 | C40: =ROUND((C6+C19+C36+C38),2) -> 2.03
B42: CALCULO DEL FACTOR MULTIPLICADOR

Sheet 220.1
A1: ANÁLISIS DE PRECIOS UNITARIOS
A2: MEJORAMIENTO DE LA VIA QUE COMUNICA LA VEREDA EL ENCANTO CON EL CORREGIMIENTO EL SILENCIO, MUNICIPIO DE CAREPA, DEPARTAMENTO DE ANTIOQUIA.
A4: CARRETERA : | B4: Via El Encanto - Corregimiento El Silencio | D4: ITEM | E4: 220.1 | F4: ESPECIFICACIÓN: | G4: 220-13
A5: ITEM: | B5: RELLENO O TERRAPLEN | F5: UNIDAD : | G5: m3
A7: I. EQUIPO
A8: Descripción | C8: Tipo | D8: Tarifa/Hora | E8: Rendimiento | F8: Valor-Unit.
A9: BULDOZER, POTENCIA AL VOLANTE DE 140HP, MOTOR DE 2200 RPM, LONGITUD DE HOJA 4,8m. | D9: =+'equipos y transporte'!E6 -> 289170 | E9: 33 | F9: =+D9/E9 -> 8762.7273
A10: CARRO TANQUE DE AGUA (1000 Galones) | D10: =+'equipos y transporte'!E8 -> 105761.25 | E10: 33 | F10: =+D10/E10 -> 3204.8864
A11: MOTONIVELADORA POTENCIA 215HP, ANCHO DE CUCHILLA 4,27m, PESO 18TON | D11: =+'equipos y transporte'!E19 -> 334687.5 | E11: 33 | F11: =+D11/E11 -> 10142.045
A12: VIBROCOMPACTADOR, POTENCIA 153 HP, PESO 10 TON | D12: =+'equipos y transporte'!E25 -> 166005 | E12: 33 | F12: =+D12/E12 -> 5030.4545
A13: HERRAMIENTA MENOR (5%) | F13: =+G40*0.05 -> 41
F16: Sub-Total | G16: =+ROUND(SUM(F9:F13),0) -> 27181
A17: II. MATERIALES EN OBRA
A18: Descripción | C18: Unidad | D18: Precio-Unit. | E18: Cantidad | F18: Valor-Unit.
A19: =+insumos!C27 -> Material seleccionado para Relleno | C19: =+insumos!D26 -> m3 | D19: =+insumos!E26 -> 48258.788 | E19: 1.3 | F19: =+D19*E19 -> 62736.424
F24: Sub-Total | G24: =+ROUND(SUM(F19:F23),0) -> 62736
A25: III. TRANSPORTES
A26: Material | B26: Vol-peso ó Cant. | C26: Distancia | D26: M3-Km | E26: Tarifa | F26: Valor-Unit.
A27: TRANSPORTE DEL MATERIAL | B27: =+E19 -> 1.3 | C27: =+cantera -> 35 | D27: =+B27*C27 -> 45.5 | E27: =+'equipos y transporte'!E33 -> 1672.9261 | F27: =+E27*D27 -> 76118.139
F31: Sub-Total | G31: =+ROUND(SUM(F27:F30),0) -> 76118
A32: IV. MANO DE OBRA
A33: Trabajador | B33: Jornal | C33: Prestaciones | D33: Jornal Total | E33: Rendimiento | F33: Valor-Unit.
A34: OBREROS (1) | B34: =+jornal -> 43333.333 | C34: 1.85 | D34: =+B34*1.85 -> 80166.667 | E34: =33*8 -> 264 | F34: =+D34/E34 -> 303.66162
A35: OFICIAL | B35: =+ofic -> 73666.667 | C35: 1.85 | D35: =+B35*1.85 -> 136283.33 | E35: =33*8 -> 264 | F35: =+D35/E35 -> 516.22475
F40: Sub-Total | G40: =ROUND(SUM(F34:F39),0) -> 820
D42: Total Costo Directo | G42: =SUM(G16:G40) -> 166855

Sheet 320.3
A1: ANÁLISIS DE PRECIOS UNITARIOS | C1: MEJORAMIENTO DE LA VIA QUE COMUNICA LA VEREDA EL ENCANTO CON EL CORREGIMIENTO EL SILENCIO, MUNICIPIO DE CAREPA, DEPARTAMENTO DE ANTIOQUIA.
A5: CARRETERA : Via El Encanto - Corregimiento El Silencio | D5: ITEM | E5: 320.3 | F5: ESPECIFICACIÓN: | G5: 320-13
A6: ITEM: SUBBASE GRANULAR CLASE C | F6: UNIDAD : | G6: m3
A8: I. EQUIPO
A9: Descripción | C9: Tipo | D9: Tarifa/Hora | E9: Rendimiento | F9: Valor-Unit.
A10: Carrotanque de agua(10000 Galones) | D10: =+'equipos y transporte'!E8 -> 105761.25 | E10: 33 | F10: =+D10/E10 -> 3204.8864
A11: Motoniveladora potencia 215 HP, ancho de cuchilla 4,27 m, peso 18 ton. | D11: =+'equipos y transporte'!E19 -> 334687.5 | E11: 33 | F11: =+D11/E11 -> 10142.045
A12: Vibrocompactador, potencia 153 HP, peso 10 Ton. | D12: =+'equipos y transporte'!E25 -> 166005 | E12: 33 | F12: =+D12/E12 -> 5030.4545
A13: Herramienta menor (1%MO) | F13: =+G41*1% -> 11.24
F17: Sub-Total | G17: =ROUND(SUM(F10:F16),0) -> 18389
A18: II. MATERIALES EN OBRA
A19: Descripción | C19: Unidad | D19: Precio-Unit. | E19: Cantidad | F19: Valor-Unit.
A20: Material subbase CBR 30% | C20: m3 | D20: =+insumos!E25 -> 77112 | E20: 1.3 | F20: =+D20*E20 -> 100245.6
A21: Agua | C21: lt | D21: =+insumos!E5 -> 111.375 | E21: 24 | F21: =+D21*E21 -> 2673
F25: Sub-Total | G25: =ROUND(SUM(F20:F24),0) -> 102919
A26: III. TRANSPORTES
A27: Material | B27: Vol-peso ó Cant. | C27: Distancia | D27: M3-Km | E27: Tarifa | F27: Valor-Unit.
A28: Transporte material subbase | B28: 1.3 | C28: =+cantera -> 35 | D28: =+B28*C28 -> 45.5 | E28: =+'equipos y transporte'!E29 -> 1672.9261 | F28: =+E28*D28 -> 76118.139
F32: Sub-Total | G32: =ROUND(SUM(F28:F31),0) -> 76118
A33: IV. MANO DE OBRA
A34: Trabajador | B34: Jornal | C34: Prestaciones | D34: Jornal Total | E34: Rendimiento | F34: Valor-Unit.
A35: Obreros (2) | B35: =+jornal*2 -> 86666.667 | C35: 1.85 | D35: =+B35*1.85 -> 160333.33 | E35: =+E10*8 -> 264 | F35: =+D35/E35 -> 607.32323
A36: Oficial | B36: =+ofic -> 73666.667 | C36: 1.85 | D36: =+B36*1.85 -> 136283.33 | E36: =+E11*8 -> 264 | F36: =+D36/E36 -> 516.22475
F41: Sub-Total | G41: =ROUND(SUM(F35:F40),0) -> 1124
D43: Total Costo Directo | G43: =G17+G25+G32+G41 -> 198550
D46: Responsable | E46: VIANEY LARA

Sheet 500.1
A1: ANÁLISIS DE PRECIOS UNITARIOS | B1: MEJORAMIENTO DE LA VIA QUE COMUNICA LA VEREDA EL ENCANTO CON EL CORREGIMIENTO EL SILENCIO, MUNICIPIO DE CAREPA, DEPARTAMENTO DE ANTIOQUIA.
A3: CARRETERA : Via El Encanto - Corregimiento El Silencio | D3: ITEM | E3: 500.1 | F3: ESPECIFICACIÓN: | G3: 500-13
A4: ITEM: PAVIMENTO EN CONCRETO HIDRAULICO MR= 3.8 Mpa | F4: UNIDAD : | G4: m3
A6: I. EQUIPO
A7: Descripción | C7: Tipo | D7: Tarifa/Hora | E7: Rendimiento | F7: Valor-Unit.
A8: Aspersor manual | D8: =+'equipos y transporte'!E5 -> 3320.1 | E8: =5.25/8*7 -> 4.59375 | F8: =+D8/E8 -> 722.74286
A9: Compresor (barrido y soplado) | D9: =+'equipos y transporte'!E12 -> 100406.25 | E9: =5*7 -> 35 | F9: =+D9/E9 -> 2868.75
A10: Cortadora de pavimento, Máxima profundidad de corte: 160 mm. Capacidad de disco: desde 12´´ hasta 18´´ de diámetro. Peso operacional: 135 kg, 13.5 hp de potencia | D10: =+'equipos y transporte'!E14 -> 27042.75 | E10: =3.75/8*7 -> 3.28125 | F10: =+D10/E10 -> 8241.6
A11: Formaleta metálica (concreto hidráulico) | D11: =+'equipos y transporte'!E17 -> 15592.5 | E11: =5.25/8*7 -> 4.59375 | F11: =+D11/E11 -> 3394.2857
A12: Regla vibratoria, de longitud de 3 a 5 m, motor de 3600 rpm, potencia 6 HP | D12: =+'equipos y transporte'!E20 -> 17637.21 | E12: =5.25/8*7 -> 4.59375 | F12: =+D12/E12 -> 3839.3927
A13: Vibrador de concreto, Motor de 3 hp a 18.000 rpm Mangueras de 4 mt | D13: =+'equipos y transporte'!E24 -> 9103.5 | E13: =5.25/8*7 -> 4.59375 | F13: =+D13/E13 -> 1981.7143
A14: Herramienta menor (10%MO) | F14: =+G42*10% -> 9963.6
F16: Sub-Total | G16: =ROUND(SUM(F8:F15),0) -> 31012
A17: II. MATERIALES EN OBRA
A18: Descripción | C18: Unidad | D18: Precio-Unit. | E18: Cantidad | F18: Valor-Unit.
A19: Barras de transferencia de carga (7/8'') | C19: kg | D19: =+insumos!E3 -> 6171.4923 | E19: =ROUND(+(18*3.87*0.35)*1.03/1.49,2) -> 16.85 | F19: =+D19*E19 -> 103989.64
A20: Barras de unión de 1/2´´ | C20: kg | D20: =+insumos!E3 -> 6171.4923 | E20: =(8*1.2*1.03)/1.49 -> 6.6362416 | F20: =+D20*E20 -> 40955.514
A21: Cintilla De Poliuretano (Sikarod) (Pavimentos De Concreto Hidráulico) | C21: m | D21: =+insumos!E13 -> 1584.5987 | E21: =11.4/1.49 -> 7.6510067 | F21: =+D21*E21 -> 12123.775
A22: Sello de silicona o sellador autonivelante | C22: m | D22: =+insumos!E32 -> 11502.129 | E22: =11.4/1.49 -> 7.6510067 | F22: =+D22*E22 -> 88002.868
A23: Antisol (presentación 20 kg) | C23: kg | D23: =+insumos!E7 -> 29122.537 | E23: 2.15 | F23: =+D23*E23 -> 62613.456
A24: Concreto hidráulico para pavimento MR 3,8 mpa | C24: m3 | D24: =+insumos!E14 -> 699527 | E24: 1.0103 | F24: =+D24*E24 -> 706732.13
A25: Canastilla para dovela, aceite, tubo pvc, etc. | C25: m3 | D25: =+Canastilla!H37 -> 44131.678 | E25: 1.34 | F25: =+D25*E25 -> 59136.449
F26: Sub-Total | G26: =ROUND(SUM(F19:F25),0) -> 1073554
A27: III. TRANSPORTES
A28: Material | B28: Vol-peso ó Cant. | C28: Distancia | D28: M3-Km | E28: Tarifa | F28: Valor-Unit.
F33: Sub-Total | G33: =SUM(F29:F32) -> 0
A34: IV. MANO DE OBRA
A35: Trabajador | B35: Jornal | C35: Prestaciones | D35: Jornal Total | E35: Rendimiento | F35: Valor-Unit.
A36: Obreros (7) | B36: =+jornal*7 -> 303333.33 | C36: 1.85 | D36: =+B36*1.85 -> 561166.67 | E36: 7 | F36: =+D36/E36 -> 80166.667
A37: Oficial | B37: =+ofic -> 73666.667 | C37: 1.85 | D37: =+B37*1.85 -> 136283.33 | E37: 7 | F37: =+D37/E37 -> 19469.048
F42: Sub-Total | G42: =ROUND(SUM(F36:F41),0) -> 99636
D44: Total Costo Directo | G44: =ROUND((G16+G26+G33+G42),0) -> 1204202

Sheet 600.1.1
A1: ANÁLISIS DE PRECIOS UNITARIOS | C1: MEJORAMIENTO DE LA VIA QUE COMUNICA LA VEREDA EL ENCANTO CON EL CORREGIMIENTO EL SILENCIO, MUNICIPIO DE CAREPA, DEPARTAMENTO DE ANTIOQUIA.
A5: CARRETERA : | B5: Via El Encanto - Corregimiento El Silencio | D5: ITEM | E5: 600.1.1 | F5: ESPECIFICACIÓN: | G5: 600-2013
A6: ITEM: | B6: EXCAVACIONES VARIAS SIN CLASIFICAR | F6: UNIDAD : | G6: m3
A8: I. EQUIPO
A9: Descripción | C9: Tipo | D9: Tarifa/Hora | E9: Rendimiento | F9: Valor-Unit.
A10: Retroexcavadora sobre oruga, potencia 138 HP, balde de 1,5 m3. | D10: =+'equipos y transporte'!E22 -> 342720 | E10: 0.055 | F10: =+D10*E10 -> 18849.6
A11: Compresor 120 HP, con martillo. | D11: =+'equipos y transporte'!E13 -> 129858.75 | E11: 0.055 | F11: =+D11*E11 -> 7142.2313
A12: HERRAMIENTA MENOR (5%) | F12: =+G41*0.05 -> 101.95
F17: Sub-Total | G17: =ROUND(SUM(F10:F16),0) -> 26094
A18: II. MATERIALES EN OBRA
A19: Descripción | C19: Unidad | D19: Precio-Unit. | E19: Cantidad | F19: Valor-Unit.
A20: Derechos de explotación y/o disposición de materiales | C20: m3 | D20: =+insumos!E17 -> 10977.75 | E20: 1.3 | F20: =+D20*E20 -> 14271.075
F25: Sub-Total | G25: =ROUND(SUM(F20:F24),0) -> 14271
A26: III. TRANSPORTES
A27: Material | B27: Vol-peso ó Cant. | C27: Distancia | D27: M3-Km | E27: Tarifa | F27: Valor-Unit.
A28: TRANSPORTE DEL MATERIAL | B28: 1.3 | C28: =+escombro -> 15 | D28: =+B28*C28 -> 19.5 | E28: =+'equipos y transporte'!E32 -> 1672.9261 | F28: =+E28*D28 -> 32622.06
F32: Sub-Total | G32: =ROUND(SUM(F28:F31),0) -> 32622
A33: IV. MANO DE OBRA
A34: Trabajador | B34: Jornal | C34: Prestaciones | D34: Jornal Total | E34: Rendimiento | F34: Valor-Unit.
A35: OBREROS (2) | B35: =+jornal*2 -> 86666.667 | C35: 1.85 | D35: =+B35*1.85 -> 160333.33 | E35: =8/E10 -> 145.45455 | F35: =+D35/E35 -> 1102.2917
A36: OFICIAL | B36: =+ofic -> 73666.667 | C36: 1.85 | D36: =+B36*1.85 -> 136283.33 | E36: =8/E11 -> 145.45455 | F36: =+D36/E36 -> 936.94792
F41: Sub-Total | G41: =ROUND(SUM(F35:F40),0) -> 2039
D43: Total Costo Directo | G43: =ROUND((G17+G25+G32+G41),0) -> 75026
D46: Responsable | E46: VIANEY LARA

Sheet 610.2
A1: ANÁLISIS DE PRECIOS UNITARIOS | B1: MEJORAMIENTO DE LA VIA QUE COMUNICA LA VEREDA EL ENCANTO CON EL CORREGIMIENTO EL SILENCIO, MUNICIPIO DE CAREPA, DEPARTAMENTO DE ANTIOQUIA.
A5: CARRETERA : | B5: Via El Encanto - Corregimiento El Silencio | D5: ITEM | E5: 610.2 | F5: ESPECIFICACIÓN: | G5: 610-13
A6: ITEM: | B6: RELLENOS PARA ESTRUCTURAS CON RECEBO | F6: UNIDAD : | G6: m3
A8: I. EQUIPO
A9: Descripción | C9: Tipo | D9: Tarifa/Hora | E9: Rendimiento | F9: Valor-Unit.
A10: Compactador manual (saltarin) peso de operaciones (kg) 52, fuerza de impacto por golpe (KN) 12. | D10: =+'equipos y transporte'!E10 -> 11379.375 | E10: 2.2 | F10: =+D10/E10 -> 5172.4432
A12: HERRAMIENTA MENOR (5%) | F12: =+G41*0.05 -> 683.25
F17: Sub-Total | G17: =ROUND(SUM(F10:F16),0) -> 5856
A18: II. MATERIALES EN OBRA
A19: Descripción | C19: Unidad | D19: Precio-Unit. | E19: Cantidad | F19: Valor-Unit.
A20: Material de Recebo para relleno | C20: m3 | D20: =+insumos!E24 -> 25288.987 | E20: 1.3 | F20: =+D20*E20 -> 32875.684
A21: Agua | C21: lt | D21: =+insumos!E5 -> 111.375 | E21: 30 | F21: =+D21*E21 -> 3341.25
F25: Sub-Total | G25: =ROUND(SUM(F20:F24),0) -> 36217
A26: III. TRANSPORTES
A27: Material | B27: Vol-peso ó Cant. | C27: Distancia | D27: M3-Km | E27: Tarifa | F27: Valor-Unit.
A28: TRANSPORTE DEL MATERIAL | B28: 1.3 | C28: =+cantera -> 35 | D28: =+B28*C28 -> 45.5 | E28: =+'equipos y transporte'!E32 -> 1672.9261 | F28: =+E28*D28 -> 76118.139
F32: Sub-Total | G32: =ROUND(SUM(F28:F31),0) -> 76118
A33: IV. MANO DE OBRA
A34: Trabajador | B34: Jornal | C34: Prestaciones | D34: Jornal Total | E34: Rendimiento | F34: Valor-Unit.
A35: OBREROS (3) | B35: =+jornal*3 -> 130000 | C35: 1.85 | D35: =+B35*1.85 -> 240500 | E35: =8*2.2 -> 17.6 | F35: =+D35/E35 -> 13664.773
F41: Sub-Total | G41: =ROUND(SUM(F35:F40),0) -> 13665
D43: Total Costo Directo | G43: =G17+G25+G32+G41 -> 131856
D46: Responsable | E46: VIANEY LARA

Sheet 630.4
A1: ANÁLISIS DE PRECIOS UNITARIOS | B1: MEJORAMIENTO DE LA VIA QUE COMUNICA LA VEREDA EL ENCANTO CON EL CORREGIMIENTO EL SILENCIO, MUNICIPIO DE CAREPA, DEPARTAMENTO DE ANTIOQUIA.
A5: CARRETERA : Via El Encanto - Corregimiento El Silencio | D5: ITEM | E5: 630.4 | F5: ESPECIFICACIÓN: | G5: 630-13
A6: ITEM: Concreto Resistencia 21MPa (D) | F6: UNIDAD : | G6: m3
A8: I. EQUIPO
A9: Descripción | C9: Tipo | D9: Tarifa/Hora | E9: Rendimiento | F9: Valor-Unit.
A10: Aspersor manual | D10: =+'equipos y transporte'!E5 -> 3320.1 | E10: 2 | F10: =+D10/E10 -> 1660.05
A11: Vibrador de concreto, motor de 3hp a 18000 rpm, mangueras de 4m | D11: =+'equipos y transporte'!E24 -> 9103.5 | E11: 2 | F11: =+D11/E11 -> 4551.75
A12: Herramienta menor (5%MO) | F12: =+G40*5% -> 1929
F16: Sub-Total | G16: =ROUND(SUM(F10:F15),0) -> 8141
A17: II. MATERIALES EN OBRA
A18: Descripción | C18: Unidad | D18: Precio-Unit. | E18: Cantidad | F18: Valor-Unit.
A19: Concreto de resistencia 21Mpa | C19: m3 | D19: =+insumos!E16 -> 646227 | E19: 1.05 | F19: =+E19*D19 -> 678538.35
A20: Antisol (presentación 20kg) | C20: kg | D20: =+insumos!E7 -> 29122.537 | E20: 1.05 | F20: =+E20*D20 -> 30578.664
A21: Formaleta (gaviones, juntas de bordillos, juntas de cunetas, muros, concretos clase D, E, F y G) | C21: m2 | D21: =+insumos!E20 -> 18916.538 | E21: 5 | F21: =+E21*D21 -> 94582.688
F24: Sub-Total | G24: =ROUND(SUM(F19:F23),0) -> 803700
A25: III. TRANSPORTES
A26: Material | B26: Vol-peso ó Cant. | C26: Distancia | D26: M3-Km | E26: Tarifa | F26: Valor-Unit.
F31: Sub-Total | G31: =ROUND(SUM(F27:F30),0) -> 0
A32: IV. MANO DE OBRA
A33: Trabajador | B33: Jornal | C33: Prestaciones | D33: Jornal Total | E33: Rendimiento | F33: Valor-Unit.
A34: Obreros (6) | B34: =+jornal*6 -> 260000 | C34: 1.85 | D34: =+B34*C34 -> 481000 | E34: 16 | F34: =+D34/E34 -> 30062.5
A35: Oficial | B35: =+ofic -> 73666.667 | C35: 1.85 | D35: =+B35*C35 -> 136283.33 | E35: 16 | F35: =+D35/E35 -> 8517.7083
F40: Sub-Total | G40: =ROUND(SUM(F34:F39),0) -> 38580
D42: Total Costo Directo | G42: =ROUND((G16+G24+G31+G40),0) -> 850421
C47: Responsable | D47: VIANEY LARA

Sheet 640.1
A1: ANÁLISIS DE PRECIOS UNITARIOS | C1: MEJORAMIENTO DE LA VIA QUE COMUNICA LA VEREDA EL ENCANTO CON EL CORREGIMIENTO EL SILENCIO, MUNICIPIO DE CAREPA, DEPARTAMENTO DE ANTIOQUIA.
A5: CARRETERA : Via El Encanto - Corregimiento El Silencio | D5: ITEM | E5: 640.1 | F5: ESPECIFICACIÓN: | G5: 640-13
A6: ITEM: Acero de Refuerzo Fy 4200 Mpa | F6: UNIDAD : | G6: kg
A8: I. EQUIPO
A9: Descripción | C9: Tipo | D9: Tarifa/Hora | E9: Rendimiento | F9: Valor-Unit.
A10: Cizalla manual de 90 cm | D10: =+'equipos y transporte'!E9 -> 2945.25 | E10: 18 | F10: =+D10/E10 -> 163.625
A12: Herramienta menor (5%MO) | F12: =+G40*5% -> 75.15
F16: Sub-Total | G16: =ROUND(SUM(F10:F15),0) -> 239
A17: II. MATERIALES EN OBRA
A18: Descripción | C18: Unidad | D18: Precio-Unit. | E18: Cantidad | F18: Valor-Unit.
A19: Acero PDR-60 | C19: kg | D19: =+insumos!E3 -> 6171.4923 | E19: 1.055 | F19: =+E19*D19 -> 6510.9243
A20: Alambre Negro Para Amarre | C20: kg | D20: =+insumos!E6 -> 10307.04 | E20: 0.035 | F20: =+E20*D20 -> 360.74639
F24: Sub-Total | G24: =ROUND(SUM(F19:F23),0) -> 6872
A25: III. TRANSPORTES
A26: Material | B26: Vol-peso ó Cant. | C26: Distancia | D26: M3-Km | E26: Tarifa | F26: Valor-Unit.
A27: Transporte de acero | B27: 1.05 | C27: =+acero -> 20 | D27: =+B27*C27 -> 21 | E27: =+'equipos y transporte'!E27 -> 1.035 | F27: =+E27*D27 -> 21.735
F31: Sub-Total | G31: =ROUND(SUM(F27:F30),0) -> 22
A32: IV. MANO DE OBRA
A33: Trabajador | B33: Jornal | C33: Prestaciones | D33: Jornal Total | E33: Rendimiento | F33: Valor-Unit.
A34: Obreros | B34: =+jornal -> 43333.333 | C34: 1.85 | D34: =+B34*C34 -> 80166.667 | E34: =8*18 -> 144 | F34: =+D34/E34 -> 556.71296
A35: Oficial | B35: =+ofic -> 73666.667 | C35: 1.85 | D35: =+B35*C35 -> 136283.33 | E35: =8*18 -> 144 | F35: =+D35/E35 -> 946.41204
F40: Sub-Total | G40: =ROUND(SUM(F34:F39),0) -> 1503
D42: Total Costo Directo | G42: =G16+G24+G31+G40 -> 8636
B46: Responsable | C46: VIANEY LARA

Sheet 661.1
A1: ANÁLISIS DE PRECIOS UNITARIOS | C1: MEJORAMIENTO DE LA VIA QUE COMUNICA LA VEREDA EL ENCANTO CON EL CORREGIMIENTO EL SILENCIO, MUNICIPIO DE CAREPA, DEPARTAMENTO DE ANTIOQUIA.
A5: CARRETERA : | B5: Via El Encanto - Corregimiento El Silencio | D5: ITEM | E5: 661.1 | F5: ESPECIFICACIÓN: | G5: 661-13
A6: ITEM: | B6: Tuberia de Concreto Reforzado 21 Mpa de 900 mm de diametro interior | F6: UNIDAD : | G6: m
A8: I. EQUIPO
A9: Descripción | C9: Tipo | D9: Tarifa/Hora | E9: Rendimiento | F9: Valor-Unit.
A10: Retroexcavadora A25C | D10: =+'equipos y transporte'!E21 -> 196796.25 | E10: 2.5 | F10: =+D10/E10 -> 78718.5
A12: Herramienta menor (5%MO) | F12: =+G40*5% -> 1142.4
F16: Sub-Total | G16: =ROUND(SUM(F10:F15),0) -> 79861
A17: II. MATERIALES EN OBRA
A18: Descripción | C18: Unidad | D18: Precio-Unit. | E18: Cantidad | F18: Valor-Unit.
A19: Mortero 1:3 Para Anillos | C19: m3 | D19: =+insumos!E28 -> 608777 | E19: 0.025 | F19: =+E19*D19 -> 15219.425
A20: Materia para solado y atraque | C20: m3 | D20: =+insumos!E26 -> 48258.788 | E20: =0.46*1.05 -> 0.483 | F20: =+E20*D20 -> 23308.994
A21: Tubo concreto reforzado 900mm (tipo 1) | C21: m | D21: =+insumos!E36 -> 925103.02 | E21: 1.03 | F21: =+D21*E21 -> 952856.12
F24: Sub-Total | G24: =ROUND(SUM(F19:F23),0) -> 991385
A25: III. TRANSPORTES
A26: Material | B26: Vol-peso ó Cant. | C26: Distancia | D26: M3-Km | E26: Tarifa | F26: Valor-Unit.
A27: Transporte de tuberia de concreto Reforzado | B27: 0.28 | C27: 290 | D27: =+B27*C27 -> 81.2 | E27: 3.12 | F27: =+E27*D27 -> 253.344
A28: transporte de Material de Solado y Atraque Tuberi de concreto reforzado | B28: 0.46 | C28: =+cantera -> 35 | D28: =+B28*C28 -> 16.1 | E28: =+'equipos y transporte'!E33 -> 1672.9261 | F28: =+E28*D28 -> 26934.111
F31: Sub-Total | G31: =ROUND(SUM(F27:F30),0) -> 27187
A32: IV. MANO DE OBRA
A33: Trabajador | B33: Jornal | C33: Prestaciones | D33: Jornal Total | E33: Rendimiento | F33: Valor-Unit.
A34: Obreros (4) | B34: =+jornal*4 -> 173333.33 | C34: 1.85 | D34: =+B34*C34 -> 320666.67 | E34: =2.5*8 -> 20 | F34: =+D34/E34 -> 16033.333
A35: Oficial | B35: =+ofic -> 73666.667 | C35: 1.85 | D35: =+B35*C35 -> 136283.33 | E35: 20 | F35: =+D35/E35 -> 6814.1667
F40: Sub-Total | G40: =ROUND(SUM(F34:F39),0) -> 22848
D42: Total Costo Directo | G42: =ROUND((G16+G24+G31+G40),0) -> 1121281
D45: Responsable | E45: VIANEY LARA

Sheet 671.3
A1: ANÁLISIS DE PRECIOS UNITARIOS | B1: MEJORAMIENTO DE LA VIA QUE COMUNICA LA VEREDA EL ENCANTO CON EL CORREGIMIENTO EL SILENCIO, MUNICIPIO DE CAREPA, DEPARTAMENTO DE ANTIOQUIA.
A5: CARRETERA : Via El Encanto - Corregimiento El Silencio | D5: ITEM | E5: 671.3 | F5: ESPECIFICACIÓN: | G5: 671-13P
A6: ITEM: Cuneta de Concreto Vaciada In Situ; Incluye la conformacion de la superficie de apoyo | F6: UNIDAD : | G6: m3
A8: I. EQUIPO
A9: Descripción | C9: Tipo | D9: Tarifa/Hora | E9: Rendimiento | F9: Valor-Unit.
A10: Compactadora Manual vibratorio (rana) Con motor de 6 HP | D10: =+'equipos y transporte'!E11 -> 10843.875 | E10: 1.25 | F10: =+D10/E10 -> 8675.1
A11: =+'equipos y transporte'!C24 -> Vibrador de concreto, Motor de 3 hp a 18.000 rpm Mangueras de 4 mt | D11: =+'equipos y transporte'!E24 -> 9103.5 | E11: 1.25 | F11: =+D11/E11 -> 7282.8
A12: Herramienta menor (5%MO) | F12: =+G40*5% -> 2284.75
F16: Sub-Total | G16: =ROUND(SUM(F10:F15),0) -> 18243
A17: II. MATERIALES EN OBRA
A18: Descripción | C18: Unidad | D18: Precio-Unit. | E18: Cantidad | F18: Valor-Unit.
A19: Material seleccionado para Relleno | C19: m3 | D19: =+insumos!E27 -> 49710.93 | E19: 0.35 | F19: =+E19*D19 -> 17398.826
A20: Cemento asfaltico 60-70 | C20: kg | D20: =+insumos!E11 -> 3032.5729 | E20: 0.55 | F20: =+E20*D20 -> 1667.9151
A21: Concreto Resistencia 21 Mpa | C21: m3 | D21: =+insumos!E16 -> 646227 | E21: 1.015 | F21: =+D21*E21 -> 655920.4
A22: Formaleta (gaviones, juntas de bordillos, juntas de cunetas, muros, concretos clase D, E, F y G) | C22: m2 | D22: =+insumos!E20 -> 18916.538 | E22: 0.35 | F22: =+D22*E22 -> 6620.7881
F24: Sub-Total | G24: =ROUND(SUM(F19:F23),0) -> 681608
A25: III. TRANSPORTES
A26: Material | B26: Vol-peso ó Cant. | C26: Distancia | D26: M3-Km | E26: Tarifa | F26: Valor-Unit.
A27: Transporte de material seleccionado para relleno | B27: =+E19 -> 0.35 | C27: =+cantera -> 35 | D27: =+B27*C27 -> 12.25 | E27: =+'equipos y transporte'!E33 -> 1672.9261 | F27: =+E27*D27 -> 20493.345
A28: Transporte de cemento | B28: =+E20 -> 0.55 | C28: =+escombro -> 15 | D28: =+B28*C28 -> 8.25 | E28: =+'equipos y transporte'!E28 -> 1.2375 | F28: =+E28*D28 -> 10.209375
F31: Sub-Total | G31: =ROUND(SUM(F27:F30),0) -> 20504
A32: IV. MANO DE OBRA
A33: Trabajador | B33: Jornal | C33: Prestaciones | D33: Jornal Total | E33: Rendimiento | F33: Valor-Unit.
A34: Obreros (4) | B34: =+jornal*4 -> 173333.33 | C34: 1.85 | D34: =+B34*C34 -> 320666.67 | E34: =1.25*8 -> 10 | F34: =+D34/E34 -> 32066.667
A35: Oficial | B35: =+ofic -> 73666.667 | C35: 1.85 | D35: =+B35*C35 -> 136283.33 | E35: 10 | F35: =+D35/E35 -> 13628.333
F40: Sub-Total | G40: =ROUND(SUM(F34:F39),0) -> 45695
D42: Total Costo Directo | G42: =ROUND((G16+G24+G31+G40),0) -> 766050
C45: Responsable | D45: VIANEY LARA

Sheet 700.1
A1: ANÁLISIS DE PRECIOS UNITARIOS | D1: MEJORAMIENTO DE LA VIA QUE COMUNICA LA VEREDA EL ENCANTO CON EL CORREGIMIENTO EL SILENCIO, MUNICIPIO DE CAREPA, DEPARTAMENTO DE ANTIOQUIA.
A5: CARRETERA : | B5: Via El Encanto - Corregimiento El Silencio | E5: ITEM | F5: 700.1 | G5: ESPECIFICACIÓN: | H5: 700-13
A6: ITEM: | B6: LINEA DE DEMARCACION CON PINTURA EN FRIO | G6: UNIDAD : | H6: m
A8: I. EQUIPO
A9: Descripción | C9: Tipo | D9: Tarifa/Hora | E9: Rendimiento | F9: Valor-Unit.
A10: Camioneta D-300 | D10: =+'equipos y transporte'!E7 -> 67869.141 | E10: 550 | F10: =+D10/E10 -> 123.39844
A11: Vehiculo delineador | D11: =+'equipos y transporte'!E23 -> 202495.34 | E11: 550 | F11: =+D11/E11 -> 368.17335
A12: Herramienta menor (1%MO) | F12: =+G44*1% -> 0.86
F18: Sub-Total | G18: =ROUND(SUM(F10:F17),0) -> 492
A19: II. MATERIALES EN OBRA
A20: Descripción | C20: Unidad | D20: Precio-Unit. | E20: Cantidad | F20: Valor-Unit.
A21: Esferas reflectivas | C21: kg | D21: =+insumos!E19 -> 7710.1184 | E21: 0.048 | F21: =+D21*E21 -> 370.08568
A22: Pintura acrílica pura para tráfico | C22: gal | D22: =+insumos!E30 -> 167062.5 | E22: 0.015 | F22: =+D22*E22 -> 2505.9375
A23: Disolvente para pintura tráfico (acrílico) | C23: gal | D23: =+insumos!E18 -> 44638.403 | E23: 0.00045 | F23: =+D23*E23 -> 20.087281
F28: Sub-Total | G28: =ROUND(SUM(F21:F27),0) -> 2896
A29: III. TRANSPORTES
A30: Material | B30: Vol-peso ó Cant. | C30: Distancia | D30: M3-Km | E30: Tarifa | F30: Valor-Unit.
F35: Sub-Total | G35: =SUM(F31:F34) -> 0
A36: IV. MANO DE OBRA
A37: Trabajador | B37: Jornal | C37: Prestaciones | D37: Jornal Total | E37: Rendimiento | F37: Valor-Unit.
A38: Obreros (3) | B38: =+jornal*3 -> 130000 | C38: 1.85 | D38: =+B38*C38 -> 240500 | E38: =550*8 -> 4400 | F38: =+D38/E38 -> 54.659091
A39: Oficial | B39: =+ofic -> 73666.667 | C39: 1.85 | D39: =+B39*C39 -> 136283.33 | E39: =+E38 -> 4400 | F39: =+D39/E39 -> 30.973485
F44: Sub-Total | G44: =ROUND(SUM(F38:F43),0) -> 86
E46: Total Costo Directo | G46: =ROUND((G18+G28+G35+G44),0) -> 3474
E50: Responsable | F50: VIANEY LARA

Sheet 710.1
A1: ANÁLISIS DE PRECIOS UNITARIOS | D1: MEJORAMIENTO DE LA VIA QUE COMUNICA LA VEREDA EL ENCANTO CON EL CORREGIMIENTO EL SILENCIO, MUNICIPIO DE CAREPA, DEPARTAMENTO DE ANTIOQUIA.
A5: CARRETERA : | B5: Via El Encanto - Corregimiento El Silencio | E5: ITEM | F5: 710.1 | G5: ESPECIFICACIÓN: | H5: 710-13
A6: ITEM: | B6: SEÑAL VERTICAL DE TRANSITO TIPO 1 CON LAMINA RETRORREFLECTIVA TIPO III (75 X 75 ) cm | G6: UNIDAD : | H6: und
A8: I. EQUIPO
A9: Descripción | C9: Tipo | D9: Tarifa/Hora | E9: Rendimiento | F9: Valor-Unit.
A10: CAMIONETA D-300 | D10: =+'equipos y transporte'!E7 -> 67869.141 | E10: 3.5 | F10: =+D10/E10 -> 19391.183
A11: Herramienta menor (1%MO) | F11: =+G44*1% -> 134.57
F18: Sub-Total | G18: =ROUND(SUM(F10:F17),0) -> 19526
A19: II. MATERIALES EN OBRA
A20: Descripción | C20: Unidad | D20: Precio-Unit. | E20: Cantidad | F20: Valor-Unit.
A21: Poste de angulo de 2°2"1/4 de 3,5m para señal | C21: u | D21: =+insumos!E31 -> 165154.22 | E21: 1 | F21: =+D21*E21 -> 165154.22
A22: Señal (grupo 1). Tablero en lámina galvanizada de 75cm*75cm, calibre 16, reflectivo tipo1(incluye poste) | C22: u | D22: =+insumos!E33 -> 477130.5 | E22: 1 | F22: =+D22*E22 -> 477130.5
A23: Concreto Resistencia 14Mpa | C23: m3 | D23: =+insumos!E15 -> 574270 | E23: 0.0375 | F23: =+D23*E23 -> 21535.125
F28: Sub-Total | G28: =ROUND(SUM(F21:F27),0) -> 663820
A29: III. TRANSPORTES
A30: Material | B30: Vol-peso ó Cant. | C30: Distancia | D30: M3-Km | E30: Tarifa | F30: Valor-Unit.
F35: Sub-Total | G35: =ROUND(SUM(F31:F34),0) -> 0
A36: IV. MANO DE OBRA
A37: Trabajador | B37: Jornal | C37: Prestaciones | D37: Jornal Total | E37: Rendimiento | F37: Valor-Unit.
A38: Obreros (3) | B38: =+jornal*3 -> 130000 | C38: 1.85 | D38: =+B38*C38 -> 240500 | E38: =3.5*8 -> 28 | F38: =+D38/E38 -> 8589.2857
A39: Oficial | B39: =+ofic -> 73666.667 | C39: 1.85 | D39: =+B39*C39 -> 136283.33 | E39: 28 | F39: =+D39/E39 -> 4867.2619
F44: Sub-Total | G44: =ROUND(SUM(F38:F43),0) -> 13457
E46: Total Costo Directo | G46: =ROUND((G18+G28+G35+G44),0) -> 696803
E49: Responsable | F49: VIANEY LARA

Sheet 1010.1 PGIO 
B2: =+PRESUPUESTO!B1 -> MEJORAMIENTO DE LA VIA QUE COMUNICA LA VEREDA EL ENCANTO CON EL CORREGIMIENTO EL SILENCIO, MUNICIPIO DE CAREPA, DEPARTAMENTO DE ANTIOQUIA.
A5: P. PROGRAMA DE IMPLEMENTACION DEL PLAN DE GESTION INTEGRAL DE OBRA (PGIO)
A6: DESCRIPCIÓN | C6: UNIDAD | D6: VR. BASE | E6: CANTIDAD | F6: VALOR ($)
A7: 1. IMPLEMETACIÓN PGIO - EJE SST
B8: KIT DE PROTECCION SST - Y PMT
B9: Kit Elementos de protección El kit incluye: elementos de protección personal básicos por persona - personal operativo de los frentes de obra (incluye casco de seguridad, guantes de carnaza o guantes de caucho) | C9: UN | D9: 75000 | E9: 8 | F9: =ROUND(D9*E9,0) -> 600000
B10: Kit de Emergencias El Kit incluye: extintor de 10 lbs (señalización en acrílico de 22 cm x 15 de extintor), camilla rígida, reflectivos y botiquín con elementos necesarios) | C10: UN | D10: 385000 | E10: 1 | F10: =ROUND(D10*E10,0) -> 385000
B11: Kit señalización SST El kit incluye: señal de 15 x 15 cm - uso de EPP, sustancias peligrosas, ruta de evacuación, punto de encuentro, baños. | C11: UN | D11: 60000 | E11: 2 | F11: =ROUND(D11*E11,0) -> 120000
B12: Examen médico ocupacional de ingreso y egreso Examen de ingreso y egreso que incluye: agudeza visual, talla y peso, tensión arterial, serología para todo el personal excepto personal de trabajo en alturas. | C12: UN | D12: 92000 | E12: 10 | F12: =ROUND(D12*E12,0) -> 920000
A14: TOTAL IMPLEMETACIÓN PGIO - EJE SST POR EL TÉRMINO DE EJECUCIÓN | F14: =SUM(F8:F13) -> 2025000
A16: 2. IMPLEMETACION PGIO - EJE AMBIENTAL
B17: Profesional Socio Ambiental, (incluidos en la administración del proyecto) | C17: GLOBAL | D17: 0 | E17: 1 | F17: =D17*E17 -> 0
B18: Capacitación personal | C18: GLOBAL | D18: 75800 | E18: 16 | F18: =D18*E18 -> 1212800
B19: Volantes informativos publicitarios (color) | C19: GLOBAL | D19: 1650 | E19: 100 | F19: =D19*E19 -> 165000
B20: Delimitación con cinta los frentes de obra | C20: ML | D20: 1420 | E20: 300 | F20: =D20*E20 -> 426000
B21: Señalización tubular vial base negra rectangular | C21: GLOBAL | D21: 75000 | E21: 20 | F21: =D21*E21 -> 1500000
B22: Reuniones informativas a la comunidad | C22: GLOBAL | D22: 550000 | E22: 3 | F22: =D22*E22 -> 1650000
B23: Tramite permiso ambiental-compensación (Provisión en caso de ser requerido) | C23: GLOBAL | D23: =9296231*1.15 -> 10690666 | E23: 1 | F23: =ROUND(D23*E23,0) -> 10690666
A24: TOTAL IMPLEMETACIÓN PGIO - EJE AMBIENTAL POR EL TÉRMINO DE EJECUCIÓN | F24: =ROUND(SUM(F17:F23),0) -> 15644466
A26: 3. IMPLEMETACION PGIO - EJE CALIDAD
B27: Ensayos (Incluidos en la Administración del proyecto) | C27: gl | D27: 0 | E27: 1 | F27: =D27*E27 -> 0
B28: Generación de informes, impresión de información, adquisición de información, capacitaciones y mantenimiento del plan de implementación de PGIO eje de calidad. | C28: MES | D28: 275000 | E28: 5 | F28: =D28*E28 -> 1375000
A29: TOTAL IMPLEMETACIÓN PGIO - EJE CALIDAD | F29: =SUM(F27:F28) -> 1375000
A31: 4. IMPLEMENTACIÓN DE PLAN DE MANEJO DE TRÁNSITO
B32: SEÑAL DE TRÁNSITO SIO-01 "OBRA EN LA VÍA" | C32: UN | D32: 323191.15 | E32: 4 | F32: =D32*E32 -> 1292764.6
B33: SEÑAL DE TRÁNSITO SIO-02 "INICIO DE OBRA" | C33: UN | D33: 323191.15 | E33: 2 | F33: =D33*E33 -> 646382.3
B34: SEÑAL DE TRÁNSITO SIO-03 "FIN DE OBRA" | C34: UN | D34: 323191.15 | E34: 2 | F34: =D34*E34 -> 646382.3
B35: SEÑAL DE TRÁNSITO SIO-04 "CARRIL CERRADO" | C35: UN | D35: 323191.15 | E35: 2 | F35: =D35*E35 -> 646382.3
B36: SEÑAL DE TRÁNSITO SPO-01 "TRABAJOS EN LA VÍA" | C36: UN | D36: 323191.15 | E36: 2 | F36: =D36*E36 -> 646382.3
B37: SEÑAL DE TRÁNSITO SPO-02 "MAQUINARIA EN LA VÍA" | C37: UN | D37: 323191.15 | E37: 2 | F37: =D37*E37 -> 646382.3
B38: SEÑAL DE TRÁNSITO SPO-03 "AUXILIAR DE TRÁNSITO" | C38: UN | D38: 323191.15 | E38: 2 | F38: =D38*E38 -> 646382.3
B39: SEÑAL DE TRÁNSITO SPO-05 "ANGOSTAMIENTO A LA DERECHA" | C39: UN | D39: 323191.15 | E39: 1 | F39: =D39*E39 -> 323191.15
B40: SEÑAL DE TRÁNSITO SPO-06 "ANGOSTAMIENTO A LA IZQUIERDA" | C40: UN | D40: 323191.15 | E40: 1 | F40: =D40*E40 -> 323191.15
B41: SEÑAL DE TRÁNSITO SP-10 “CURVA Y CONTRA-CURVA PRONUNCIADA A LA DERECHA” | C41: UN | D41: 323191.15 | E41: 1 | F41: =D41*E41 -> 323191.15
B42: SEÑAL DE TRÁNSITO SP-33 "PREVENCIÓN DE CEDA EL PASO" | C42: UN | D42: 323191.15 | E42: 2 | F42: =D42*E42 -> 646382.3
B43: SEÑAL DE TRÁNSITO SR-02 "CEDA EL PASO" | C43: UN | D43: 323191.15 | E43: 2 | F43: =D43*E43 -> 646382.3
... B46: AUXILIAR DE TRÁNSITO (2) | C46: UN | D46: 4810000 | E46: 5 | F46: =D46*E46 -> 24050000
A48: TOTAL IMPLEMETACIÓN PGIO - PMT POR EL TÉRMINO DE EJECUCIÓN | F48: =ROUND(SUM(F32:F47),0) -> 32776161
A50: PGIO | F50: =ROUND((F14+F24+F29+F48),0) -> 51820627
B52: FIRMAS:
B54: Elaboro: | C54: VIANEY LARA
C59: ING. CIVIL
C60: MAT: 13202-13882881V

Sheet equipos y transporte
B2: CUADRO DE EQUIPOS
B3: Código | C3: Actividades | D3: unidad | E3: Precio guía
B4: EH | C4: EQUIPOS Y HERRAMIENTAS
B5: EH 01 | C5: Aspersor manual | D5: h | E5: 3320.1
B6: EH 02 | C6: Buldozer, Potencia al volante de 140 HP, motor de 2200 RPM, longitud de hoja 4,80m. | D6: h | E6: 289170
B7: EH 03 | C7: Camioneta D-300 | D7: h | E7: 67869.141
B8: EH 04 | C8: Carrotanque de agua(1000 Galones) | D8: h | E8: 105761.25
B9: EH 05 | C9: Cizalla manual de 90 cm. | D9: h | E9: 2945.25
B10: EH 06 | C10: Compactador manual (SALTARIN) Peso de operación (Kg.) 52, Fuerza de impacto por golpe (KN) 12. | D10: h | E10: 11379.375
B11: EH 07 | C11: COMPACTADOR MANUAL VIBRATORIO (RANA) con motor de 6 HP | D11: h | E11: 10843.875
B12: EH 08 | C12: Compresor (barrido y soplado) | D12: h | E12: 100406.25
B13: EH 09 | C13: Compresor 120 HP, con martillo. | D13: h | E13: 129858.75
B14: EH 10 | C14: Cortadora de pavimento, Máxima profundidad de corte: 160 mm. Capacidad de disco: desde 12´´ hasta 18´´ de diámetro. Peso operacional: 135 kg, 13.5 hp de potencia | D14: h | E14: 27042.75
B15: EH21 | C15: Equipo de soldadura 250 AMP | E15: 16065
B16: EH 11 | C16: Formaleta metálica (concreto hidráulico) | D16: h | E16: 1204.875
B17: EH 12 | C17: Formaleta metálica | D17: h | E17: 15592.5
A18: C0010550 | B18: EH 13 | C18: Mezcladora de concreto 1 bulto | D18: h | E18: 50625
B19: EH 14 | C19: Motoniveladora potencia 215 HP, ancho de cuchilla 4,27 m, peso 18 ton. | D19: h | E19: 334687.5
B20: EH 15 | C20: Regla vibratoria, de longitud de 3 a 5 m, motor de 3600 rpm, potencia 6 HP | D20: h | E20: 17637.21
B21: EH 16 | C21: Retroexcavadora A25C | D21: h | E21: 196796.25
B22: EH 17 | C22: Retroexcavadora sobre oruga, potencia 138 HP, balde de 1,5 m3. | D22: h | E22: 342720
B23: EH 18 | C23: Vehículo delineador | D23: h | E23: 202495.34
B24: EH 19 | C24: Vibrador de concreto, Motor de 3 hp a 18.000 rpm Mangueras de 4 mt | D24: h | E24: 9103.5
B25: EH 20 | C25: Vibrocompatador, potencia 153 HP, peso 10 Ton. | D25: h | E25: 166005
E26: 0
C27: Transporte de acero | D27: kg/km | E27: 1.035
A28: T2 | B28: T2 | C28: Transporte de cemento | D28: kg/km | E28: 1.2375
C29: Transporte de material de Demolicion | D29: m3/km | E29: 1672.9261
C30: Transporte de material Excavacion | D30: m3/km | E30: 1672.9261
A31: T5 | B31: t5 | C31: Transporte de Material Petreo | D31: m3/km | E31: 1672.9261
A32: T0010042 | B32: T0010042 | C32: Transporte de Material Triturado | D32: m3/km | E32: 1672.9261
C33: Transporte de Materiales | D33: m3/km | E33: 1672.9261
A34: T0010005 | C34: Transporte de Arena Lavada | D34: m3/km | E34: 1672.9261
E38: =+PRESUPUESTO!J44 -> 2611369266
E39: 359284176
E40: =+E38+E39 -> 2970653442

Sheet insumos
B1: LISTA DE INSUMOS
B2: Código | C2: ACTIVIDADES | D2: Unidad | E2: Valor Unitario
B3: A 01 | C3: Acero PDR-60 | D3: kg | E3: 6171.4923
A4: B0053100 | B4: A 02 | C4: Agregado para concreto hidráulico | D4: m3 | E4: 83939.625
A5: B0063200 | B5: A 03 | C5: Agua | D5: lt | E5: 111.375
B6: A 04 | C6: Alambre Negro Para Amarre | D6: kg | E6: 10307.04
B7: A 05 | C7: Antisol blanco (presentación 20 kg) | D7: kg | E7: 29122.537
A8: B0093350 | B8: A 06 | C8: Arena lavada | D8: m3 | E8: 80190
B9: A 07 | C9: Barras de transferencia de carga (3/4'') | D9: kg | E9: 6171.4923
B10: A 08 | C10: Barras de unión de 1/2´´ | D10: kg | E10: 6171.4923
B11: A 09 | C11: Cemento Asfaltico 60-70 | D11: kg | E11: 3032.5729
A12: B0100001 | B12: A 10 | C12: Cemento gris | D12: kg | E12: 835.3125
B13: A 11 | C13: Cintilla De Poliuretano (Sikarod) (Pavimentos De Concreto Hidráulico) | D13: m | E13: 1584.5987
B14: A 12 | C14: Concreto hidráulico para pavimento MR-3,8 | D14: m3 | E14: =(+'CONCRETOS Y MORTEROS '!J14) -> 699527
B15: A 13 | C15: Concreto Resistencia 14 (Mpa) | D15: m3 | E15: =(+'CONCRETOS Y MORTEROS '!J12) -> 574270
B16: A 14 | C16: Concreto Resistencia 21 (Mpa) | D16: m3 | E16: =(+'CONCRETOS Y MORTEROS '!J10) -> 646227
B17: A 15 | C17: Derechos de explotación y/o disposición de materiales | D17: m3 | E17: 10977.75
B18: A 16 | C18: Disolvente para pintura Trafico (acrílico) | D18: gal | E18: 44638.403
B19: A 17 | C19: Esferas reflectivas | D19: kg | E19: 7710.1184
B20: A 18 | C20: Formaleta (gaviones, juntas de bordillos, juntas de cunetas, muros, concretos clase D,E, F y G) | D20: m2 | E20: 18916.538
B21: A 19 | C21: Geotextil Nt - 2500 o similar (proveedores, Pavco, Geomatrix, Tensar, Omnes u otros) | D21: m2 | E21: 8629.0313
B22: A 20 | C22: Material Afirmado de la Zona | D22: m3 | E22: 96390
B23: A 21 | C23: Material drenante (3") | D23: m3 | E23: 67729.451
B24: A 22 | C24: Material de Recebo Para Relleno | D24: m3 | E24: 25288.987
B25: A 23 | C25: Material de Sub Base CBR | D25: m3 | E25: 77112
B26: A 24 | C26: Material para solado y atraque | D26: m3 | E26: 48258.788
B27: A 25 | C27: Material seleccionado para Relleno | D27: m3 | E27: 49710.93
B28: A 26 | C28: Mortero 1:3 Para Anillos | D28: m3 | E28: =+'CONCRETOS Y MORTEROS '!J17 -> 608777
A29: A 27 | B29: A 27 | C29: Piedra para concreto ciclópeo (rajón o canto rodado) | D29: m3 | E29: 67561.887
B30: A 28 | C30: Pintura acrílica pura para tráfico | D30: gal | E30: 167062.5
B31: A 29 | C31: Poste en ángulo de 2*2*1/4 de 3,5m para señal | D31: u | E31: 165154.22
B32: A 30 | C32: Sello de silicona o sellador autonivelante | D32: m | E32: 11502.129
B33: A 31 | C33: Señal (grupo 1). Tablero en lámina galvanizada de 75cm*75cm, calibre 16, reflectivo tipo 1/ incluye poste ) | D33: u | E33: 477130.5
C34: Soldadura 60-11 | D34: Kg | E34: 19950.241
C35: Tubo PVC | D35: m | E35: 2632.5
B36: A 32 | C36: Tubo concreto reforzado 900mm (tipo 1) | D36: m | E36: 925103.02
B37: A 33 | C37: Tubería perforada PVC de 4" | D37: m | E37: 22661.922
A38: M00035 | C38: Aceite de motor 4 tiempos | D38: gln | E38: 89100

Sheet salarios y prestaciones
C3: MEJORAMIENTO DE LA VIA QUE COMUNICA LA VEREDA EL ENCANTO CON EL CORREGIMIENTO EL SILENCIO, MUNICIPIO DE CAREPA, DEPARTAMENTO DE ANTIOQUIA.
B9: Sueldos y parafiscales personal por salario mínimo
F10: Jornal Ayud | G10: =+C17/30 -> 43333.333 | H10: Jornal Ofic | I10: =+jornal*1.7 -> 73666.667 | N10: SMMLV | O10: ST
B11: ENERO DE 2023 | M11: 2023 | N11: 1160000 | O11: 140606 | P11: =+N11+O11 -> 1300606
D12: =+C17*1.2 -> 1560000 | E12: =+C17*1.5 -> 1950000 | F12: =+E17*1.2 -> 2340000 | G12: =+F17*1.2 -> 2808000 | H12: =+G17*1.2 -> 3120000 | I12: =+H17*1.2 -> 3900000 | J12: =+I17*1.2 -> 4680000 | K12: =+J17*1.2 -> 5460000 | M12: 2024 | N12: 1300000 | O12: 166200 | P12: =+N12+O12 -> 1466200
B14: SALARIO ANUAL SMMLV | C14: 1 | D14: 1.2 | E14: 1.5 | F14: 1.8 | G14: 2 | H14: 2.5 | I14: 3 | J14: 3.5 | K14: 4
B15: AUX. TRANS ANUAL SIN DESC (B*12) | C15: =+C16*12 -> 1944000 | D15: =+D16*12 -> 1944000 | E15: =+E16*12 -> 1944000 | F15: =+F16*12 -> 1944000 | G15: =+G16*12 -> 1944000 | H15: =+H16*12 -> 0 | I15: =+I16*12 -> 0 | J15: =+J16*12 -> 0 | K15: =+K16*12 -> 0
B16: (B) AUX. TRANS MES | C16: 162000 | D16: =$C$16 -> 162000 | E16: =$C$16 -> 162000 | F16: =$C$16 -> 162000 | G16: =$C$16 -> 162000 | H16: 0 | I16: 0 | J16: 0 | K16: 0
B17: (A) SALARIO MES | C17: 1300000 | D17: =+$C$17*D14 -> 1560000 | E17: =+$C$17*E14 -> 1950000 | F17: =+$C$17*F14 -> 2340000 | G17: =+$C$17*G14 -> 2600000 | H17: =+$C$17*H14 -> 3250000 | I17: =+$C$17*I14 -> 3900000 | J17: =+$C$17*J14 -> 4550000 | K17: =+$C$17*K14 -> 5200000
B18: SUELDO ANUAL (Ax 12) | C18: =+ROUND(C17*12,0) -> 15600000 | D18: =+ROUND(D17*12,0) -> 18720000 | E18: =+ROUND(E17*12,0) -> 23400000 | F18: =+ROUND(F17*12,0) -> 28080000 | G18: =+ROUND(G17*12,0) -> 31200000 | H18: =+ROUND(H17*12,0) -> 39000000 | I18: =+ROUND(I17*12,0) -> 46800000 | J18: =+ROUND(J17*12,0) -> 54600000 | K18: =+ROUND(K17*12,0) -> 62400000
B19: (C ) CESANTÍAS (A+B)*10% | C19: =+ROUND((C18+C15)*0.1,0) -> 1754400 | D19: =+ROUND((D18+D15)*0.1,0) -> 2066400 | E19: =+ROUND((E18+E15)*0.1,0) -> 2534400 | F19: =+ROUND((F18+F15)*0.1,0) -> 3002400 | G19: =+ROUND((G18+G15)*0.1,0) -> 3314400 | H19: =+ROUND((H18+H15)*0.1,0) -> 3900000 | I19: =+ROUND((I18+I15)*0.1,0) -> 4680000 | J19: =+ROUND((J18+J15)*0.1,0) -> 5460000 | K19: =+ROUND((K18+K15)*0.1,0) -> 6240000
B20: VACACIONES (A+B) | C20: =+ROUND(C17/2,0) -> 650000 | D20: =+ROUND(D17/2,0) -> 780000 | E20: =+ROUND(E17/2,0) -> 975000 | F20: =+ROUND(F17/2,0) -> 1170000 | G20: =+ROUND(G17/2,0) -> 1300000 | H20: =+ROUND(H17/2,0) -> 1625000 | I20: =+ROUND(I17/2,0) -> 1950000 | J20: =+ROUND(J17/2,0) -> 2275000 | K20: =+ROUND(K17/2,0) -> 2600000
B21: PRIMA (A+B) | C21: =+C17+C16 -> 1462000 | D21: =+D17+D16 -> 1722000 | E21: =+E17+E16 -> 2112000 | F21: =+F17+F16 -> 2502000 | G21: =+G17+G16 -> 2762000 | H21: =+H17+H16 -> 3250000 | I21: =+I17+I16 -> 3900000 | J21: =+J17+J16 -> 4550000 | K21: =+K17+K16 -> 5200000
B22: INTERES DE CESANTIA (CX12%) | C22: =+ROUND(C19*(1%*12),0) -> 210528 | D22: =+ROUND(D19*(1%*12),0) -> 247968 | E22: =+ROUND(E19*(1%*12),0) -> 304128 | F22: =+ROUND(F19*(1%*12),0) -> 360288 | G22: =+ROUND(G19*(1%*12),0) -> 397728 | H22: =+ROUND(H19*(1%*12),0) -> 468000 | I22: =+ROUND(I19*(1%*12),0) -> 561600 | J22: =+ROUND(J19*(1%*12),0) -> 655200 | K22: =+ROUND(K19*(1%*12),0) -> 748800
B23: FONDO FORMACIÓN PROFESIONAL DEL SENA (A+12/40) | C23: =+ROUND((C17*12)/40,0) -> 390000 | D23: =+ROUND((C17*12)/40,0) -> 390000 | E23: =+ROUND((C17*12)/40,0) -> 390000 | F23: =+ROUND((C17*12)/40,0) -> 390000 | G23: =+ROUND((C17*12)/40,0) -> 390000 | H23: =+ROUND((C17*12)/40,0) -> 390000 | I23: =+ROUND(($C$17*12)/40,0) -> 390000 | J23: =+ROUND(($C$17*12)/40,0) -> 390000 | K23: =+ROUND(($C$17*12)/40,0) -> 390000
B24: AUX. TRANSP CON DESC (B/30)-(360-18) | C24: =(C16/30)*(360-18) -> 1846800 | D24: =(D16/30)*(360-18) -> 1846800 | E24: =(E16/30)*(360-18) -> 1846800 | F24: =(F16/30)*(360-18) -> 1846800 | G24: =(G16/30)*(360-18) -> 1846800 | H24: =(H16/30)*(360-18) -> 0 | I24: =(I16/30)*(360-18) -> 0 | J24: =(J16/30)*(360-18) -> 0 | K24: =(K16/30)*(360-18) -> 0
B25: SALUD, ENFERMEDAD GENERAL Y MUERTE SEGÚN CREE | C25: 0 | D25: 0 | E25: 0 | F25: 0 | G25: 0 | H25: 0 | I25: 0 | J25: 0 | K25: 0
B26: PENSIÓN ((A*12)*12%) | C26: =+ROUND(C18*12%,0) -> 1872000 | D26: =+ROUND(D18*12%,0) -> 2246400 | E26: =+ROUND(E18*12%,0) -> 2808000 | F26: =+ROUND(F18*12%,0) -> 3369600 | G26: =+ROUND(G18*12%,0) -> 3744000 | H26: =+ROUND(H18*12%,0) -> 4680000 | I26: =+ROUND(I18*12%,0) -> 5616000 | J26: =+ROUND(J18*12%,0) -> 6552000 | K26: =+ROUND(K18*12%,0) -> 7488000
B27: RIESGOS PROFESIONALES ((A*12)*6,96) | C27: =+ROUND((C17*12)*6.96%,0) -> 1085760 | D27: =+ROUND((D17*12)*6.96%,0) -> 1302912 | E27: =+ROUND((E17*12)*6.96%,0) -> 1628640 | F27: =+ROUND((F17*12)*6.96%,0) -> 1954368 | G27: =+ROUND((G17*12)*6.96%,0) -> 2171520 | H27: =+ROUND((H17*12)*6.96%,0) -> 2714400 | I27: =+ROUND((I17*12)*6.96%,0) -> 3257280 | J27: =+ROUND((J17*12)*6.96%,0) -> 3800160 | K27: =+ROUND((K17*12)*6.96%,0) -> 4343040
B28: CAJA DE COMPENSACIÓN (A*12)*4%) | C28: =+ROUND((C17*12)*4%,0) -> 624000 | D28: =+ROUND((D17*12)*4%,0) -> 748800 | E28: =+ROUND((E17*12)*4%,0) -> 936000 | F28: =+ROUND((F17*12)*4%,0) -> 1123200 | G28: =+ROUND((G17*12)*4%,0) -> 1248000 | H28: =+ROUND((H17*12)*4%,0) -> 1560000 | I28: =+ROUND((I17*12)*4%,0) -> 1872000 | J28: =+ROUND((J17*12)*4%,0) -> 2184000 | K28: =+ROUND((K17*12)*4%,0) -> 2496000
B29: SENA SEGÚN CREE | C29: 0 | D29: 0 | E29: 0 | F29: 0 | G29: 0 | H29: 0 | I29: 0 | J29: 0 | K29: 0
B30: ICBF SEGUN CREE | C30: 0 | D30: 0 | E30: 0 | F30: 0 | G30: 0 | H30: 0 | I30: 0 | J30: 0 | K30: 0
B31: DOTACIÓN | C31: 377400 | D31: 377400 | E31: 377400 | F31: 377400 | G31: 377400 | H31: 0 | I31: 0 | J31: 0 | K31: 0
B32: Implementos de Seguridad Industrial | C32: 172620 | D32: 172620 | E32: 172620 | F32: 172620 | G32: 172620 | H32: 172620 | I32: 172620 | J32: 172620 | K32: 172620
B33: TOTAL (X) | C33: =SUM(C18:C32) -> 26045508 | D33: =SUM(D18:D32) -> 30621300 | E33: =SUM(E18:E32) -> 37484988 | F33: =SUM(F18:F32) -> 44348676 | G33: =SUM(G18:G32) -> 48924468 | H33: =SUM(H18:H32) -> 57760020 | I33: =SUM(I18:I32) -> 69199500 | J33: =SUM(J18:J32) -> 80638980 | K33: =SUM(K18:K32) -> 92078460
B35: SALARIO NOMINAL
B36: ANUAL | C36: =+C15+C18 -> 17544000 | D36: =+D15+D18 -> 20664000 | E36: =+E15+E18 -> 25344000 | F36: =+F15+F18 -> 30024000 | G36: =+G15+G18 -> 33144000 | H36: =+H15+H18 -> 39000000 | I36: =+I15+I18 -> 46800000 | J36: =+J15+J18 -> 54600000 | K36: =+K15+K18 -> 62400000
B37: MENSUAL | C37: =+C16+C17 -> 1462000 | D37: =+D16+D17 -> 1722000 | E37: =+E16+E17 -> 2112000 | F37: =+F16+F17 -> 2502000 | G37: =+G16+G17 -> 2762000 | H37: =+H16+H17 -> 3250000 | I37: =+I16+I17 -> 3900000 | J37: =+J16+J17 -> 4550000 | K37: =+K16+K17 -> 5200000
B38: DÍA | C38: =+C37/30 -> 48733.333 | D38: =+D37/30 -> 57400 | E38: =+E37/30 -> 70400 | F38: =+F37/30 -> 83400 | G38: =+G37/30 -> 92066.667 | H38: =+H37/30 -> 108333.33 | I38: =+I37/30 -> 130000 | J38: =+J37/30 -> 151666.67 | K38: =+K37/30 -> 173333.33
B39: HORA | C39: =+ROUND(C38/8,0) -> 6092 | D39: =+ROUND(D38/8,0) -> 7175 | E39: =+ROUND(E38/8,0) -> 8800 | F39: =+ROUND(F38/8,0) -> 10425 | G39: =+ROUND(G38/8,0) -> 11508 | H39: =+ROUND(H38/8,0) -> 13542 | I39: =+ROUND(I38/8,0) -> 16250 | J39: =+ROUND(J38/8,0) -> 18958 | K39: =+ROUND(K38/8,0) -> 21667
B42: CÁLCULO DEL SOBRECOSTO PARA HORAS EFECTIVAS TRABAJADAS
B43: (F) SALARIO MÍNIMO ANUAL CON PRESTACIONES | D43: =+C33 -> 26045508
B44: (G) HORAS CALENDARIO ANUALES | C44: 360x8 HORAS | D44: =360*8 -> 2880
B45: (H) HORAS LABORALESANUALES | C45: 52 SEMANAS X48 HORAS | D45: =48*52 -> 2496
B46: (I) HORAS EFECTIVAS ANUALES | C46: 2920-((52DOMINGOS+16 FESTIVOS+3PERMISOS+15DIAS VACACIONES)X8 HORAS) | D46: =2920-((52+16+3+15)*8) -> 2232
B47: (J) VALOR HORA CALENDARIO (F/G) | D47: =+D43/D44 -> 9043.5792 | E47: 1
B48: (K) VALOR HORA LABORAL (F/H) | D48: =+D43/D45 -> 10434.899 | E48: =+(D48*E47)/D47 -> 1.1538462
B49: (L) VALOR HORA EFECTIVA (F/I) | D49: =+D43/D46 -> 11669.134 | E49: =+(D49*E48)/D48 -> 1.2903226
B51: SALARIO ANUAL SMMLV | C51: 1 | D51: 1.2 | E51: 1.5 | F51: 1.8 | G51: 2 | H51: 2.5 | I51: 3 | J51: 3.5 | K51: 4
B52: PORCENTAJE SALARIO VS SALARIO MÁS ADICIONES ((TOTAL ANUALX100%)/(SUELDO ANUAL+AUXILIO TRANSPORTE ANUAL) | C52: =+(C33*100%)/(C15+C18) -> 1.4845821 | D52: =+(D33*100%)/(D15+D18) -> 1.481867 | E52: =+(E33*100%)/(E15+E18) -> 1.4790478 | F52: =+(F33*100%)/(F15+F18) -> 1.4771075 | G52: =+(G33*100%)/(G15+G18) -> 1.4761184 | H52: =+(H33*100%)/(H15+H18) -> 1.4810262 | I52: =+(I33*100%)/(I15+I18) -> 1.4786218 | J52: =+(J33*100%)/(J15+J18) -> 1.4769044 | K52: =+(K33*100%)/(K15+K18) -> 1.4756163
B53: PORCENTAJE HORA EFECTIVA BASE HORA CALENDARIO | C53: =+C52*$E$49 -> 1.9155898 | D53: =+D52*$E$49 -> 1.9120865 | E53: =+E52*$E$49 -> 1.9084488 | F53: =+F52*$E$49 -> 1.9059452 | G53: =+G52*$E$49 -> 1.9046689 | H53: =+H52*$E$49 -> 1.9110015 | I53: =+I52*$E$49 -> 1.9078991 | J53: =+J52*$E$49 -> 1.9056831 | K53: =+K52*$E$49 -> 1.9040211
B55: SUELDOS Y PARAFISCALES PERSONAL DE OBRA POR ADMINISTRACIÓN
C57: DIRECTOR DE OBRA | D57: RESIDENTE DE OBRA | E57: ALMACENISTA | F57: VIGILANTE | G57: COMISION TOPOGRÁFICA
G58: TOPÓGRAFO | H58: EJERO O CADENERO | I58: ALQUILER EQUIPO
C59: 10 | D59: 5.5 | E59: 1.8 | F59: 1.2 | G59: 3 | H59: 1.8 | I59: 250000
B60: SALARIO ANUAL SMMLV | C60: 3.5 | D60: 2.5 | E60: 1.5 | F60: 1.2 | G60: 1 | H60: 1
B61: AUX. TRANS ANUAL SIN DESC (B*12) | C61: 1 | D61: =+D62*12 -> 0 | E61: =+E62*12 -> 1944000 | F61: =+F62*12 -> 1944000 | G61: =+G62*12 -> 1944000 | H61: =+H62*12 -> 1944000
B62: (B) AUX. TRANS MES | C62: 0 | D62: 0 | E62: =$C$16 -> 162000 | F62: =$C$16 -> 162000 | G62: =$C$16 -> 162000 | H62: =$C$16 -> 162000
B63: (A) SALARIO MES | C63: =+$C$17*C60 -> 4550000 | D63: =+$C$17*D60 -> 3250000 | E63: =+$C$17*E60 -> 1950000 | F63: =+$C$17*F60 -> 1560000 | G63: =+$C$17*G60 -> 1300000 | H63: =+$C$17*H60 -> 1300000
B64: SUELDO ANUAL (Ax 12) | C64: =+ROUND(C63*12,0) -> 54600000 | D64: =+ROUND(D63*12,0) -> 39000000 | E64: =+ROUND(E63*12,0) -> 23400000 | F64: =+ROUND(F63*12,0) -> 18720000 | G64: =+ROUND(G63*12,0) -> 15600000 | H64: =+ROUND(H63*12,0) -> 15600000
B65: (C ) CESANTÍAS (A+B)*10% | C65: =+ROUND((C64+C61)*0.1,0) -> 5460000 | D65: =+ROUND((D64+D61)*0.1,0) -> 3900000 | E65: =+ROUND((E64+E61)*0.1,0) -> 2534400 | F65: =+ROUND((F64+F61)*0.1,0) -> 2066400 | G65: =+ROUND((G64+G61)*0.1,0) -> 1754400 | H65: =+ROUND((H64+H61)*0.1,0) -> 1754400
B66: VACACIONES (A+B) | C66: =+ROUND(C63/2,0) -> 2275000 | D66: =+ROUND(D63/2,0) -> 1625000 | E66: =+ROUND(E63/2,0) -> 975000 | F66: =+ROUND(F63/2,0) -> 780000 | G66: =+ROUND(G63/2,0) -> 650000 | H66: =+ROUND(H63/2,0) -> 650000
B67: PRIMA (A+B) | C67: =+C63+C62 -> 4550000 | D67: =+D63+D62 -> 3250000 | E67: =+E63+E62 -> 2112000 | F67: =+F63+F62 -> 1722000 | G67: =+G63+G62 -> 1462000 | H67: =+H63+H62 -> 1462000
B68: INTERÉS DE CESANTIA (CX12%) | C68: =+ROUND(C65*(1%*12),0) -> 655200 | D68: =+ROUND(D65*(1%*12),0) -> 468000 | E68: =+ROUND(E65*(1%*12),0) -> 304128 | F68: =+ROUND(F65*(1%*12),0) -> 247968 | G68: =+ROUND(G65*(1%*12),0) -> 210528 | H68: =+ROUND(H65*(1%*12),0) -> 210528
B69: FONDO FORMACIÓN PROFESIONAL DEL SENA (A+12/40) | C69: =+ROUND((689455*12)/40,0) -> 206837 | D69: =+ROUND((689455*12)/40,0) -> 206837 | E69: =+ROUND((689455*12)/40,0) -> 206837 | F69: =+ROUND((689455*12)/40,0) -> 206837 | G69: =+ROUND((689455*12)/40,0) -> 206837 | H69: =+ROUND((689455*12)/40,0) -> 206837
B70: AUX. TRANSP CON DESC (B/30)-(360-18) | C70: =(C62/30)*(360-18) -> 0 | D70: =(D62/30)*(360-18) -> 0 | E70: =(E62/30)*(360-18) -> 1846800 | F70: =(F62/30)*(360-18) -> 1846800 | G70: =(G62/30)*(360-18) -> 1846800 | H70: =(H62/30)*(360-18) -> 1846800
B71: SALUD, ENFERMEDAD GENERAL Y MUERTE SEGÚN CREE | C71: 0 | D71: 0 | E71: 0 | F71: 0 | G71: 0 | H71: 0
B72: PENSIÓN ((A*12)*12%) | C72: =+ROUND(C64*12%,0) -> 6552000 | D72: =+ROUND(D64*12%,0) -> 4680000 | E72: =+ROUND(E64*12%,0) -> 2808000 | F72: =+ROUND(F64*12%,0) -> 2246400 | G72: =+ROUND(G64*12%,0) -> 1872000 | H72: =+ROUND(H64*12%,0) -> 1872000
B73: RIESGOS PROFESIONALES ((A*12)*6,96) | C73: =+ROUND((C63*12)*6.96%,0) -> 3800160 | D73: =+ROUND((D63*12)*6.96%,0) -> 2714400 | E73: =+ROUND((E63*12)*6.96%,0) -> 1628640 | F73: =+ROUND((F63*12)*6.96%,0) -> 1302912 | G73: =+ROUND((G63*12)*6.96%,0) -> 1085760 | H73: =+ROUND((H63*12)*6.96%,0) -> 1085760
B74: CAJA DE COMPENSACIÓN (A*12)*4%) | C74: =+ROUND((C63*12)*4%,0) -> 2184000 | D74: =+ROUND((D63*12)*4%,0) -> 1560000 | E74: =+ROUND((E63*12)*4%,0) -> 936000 | F74: =+ROUND((F63*12)*4%,0) -> 748800 | G74: =+ROUND((G63*12)*4%,0) -> 624000 | H74: =+ROUND((H63*12)*4%,0) -> 624000
B75: SENA SEGÚN CREE | C75: 0 | D75: 0 | E75: 0 | F75: 0 | G75: 0 | H75: 0
B76: ICBF SEGÚN CREE | C76: 0 | D76: 0 | E76: 0 | F76: 0 | G76: 0 | H76: 0
B77: DOTACIÓN | C77: 0 | D77: 0 | E77: =+$C$17*50% -> 650000 | F77: =+$C$17*50% -> 650000 | G77: =+$C$17*50% -> 650000 | H77: =+$C$17*50% -> 650000
B78: EXAMEN MÉDICO | C78: 336280 | D78: 336280 | E78: 336280 | F78: 336280 | G78: 336280 | H78: 336280
B79: TOTAL (X) | C79: =SUM(C64:C78)-6 -> 80619471 | D79: =SUM(D64:D78)+3 -> 57740520 | E79: =SUM(E64:E78) -> 37738085 | F79: =SUM(F64:F78) -> 30874397 | G79: =SUM(G64:G78) -> 26298605 | H79: =SUM(H64:H78) -> 26298605 | I79: =+I59*12 -> 3000000
B80: TOTAL MES | C80: =ROUND(C79/12,0) -> 6718289 | D80: =D79/12 -> 4811710 | E80: =E79/12 -> 3144840.4 | F80: =F79/12 -> 2572866.4 | G80: =G79/12 -> 2191550.4 | H80: =H79/12 -> 2191550.4 | I80: =I79/12 -> 250000
G81: =+G80+H80+I80 -> 4633100.8
C83: RECURSOS HUMANOS | D83: MAESTRO AUXILIAR | E83: CONTRAMAESTRO | F83: EJERO | G83: OFICIALES | H83: AYUDANTES | I83: TECNICO EN SEGURIDAD INDUSTRIAL | J83: AUXILIAR ADMINISTRATIVO | K83: MAESTRO GENERAL
C85: 3.5 | D85: 2 | E85: 1.8 | F85: 1.5 | G85: 2 | H85: 1.2 | I85: 3.5 | J85: 3.5 | K85: 3
B86: SALARIO ANUAL SMMLV | C86: 2.3 | D86: 2 | E86: 1.8 | F86: 1.5 | G86: 2 | H86: 1.2 | I86: 2.3 | J86: 1 | K86: 2.3
B87: AUX TRANS ANUAL SIN DESC (B*12) | C87: =+C88*12 -> 0 | D87: =+D88*12 -> 1944000 | E87: =+E88*12 -> 1944000 | F87: =+F88*12 -> 1944000 | G87: =+G88*12 -> 1944000 | H87: =+H88*12 -> 1944000 | I87: =+I88*12 -> 0 | J87: =+J88*12 -> 0 | K87: =+K88*12 -> 0
B88: (B) AUX TRANS MES | C88: 0 | D88: =$C$16 -> 162000 | E88: =$C$16 -> 162000 | F88: =$C$16 -> 162000 | G88: =$C$16 -> 162000 | H88: =$C$16 -> 162000 | I88: 0 | J88: 0 | K88: 0
B89: (A) SALARIO MES | C89: =+$C$17*C86 -> 2990000 | D89: =+$C$17*D86 -> 2600000 | E89: =+$C$17*E86 -> 2340000 | F89: =+$C$17*F86 -> 1950000 | G89: =+$C$17*G86 -> 2600000 | H89: =+$C$17*H86 -> 1560000 | I89: =+$C$17*I86 -> 2990000 | J89: =+$C$17*J86 -> 1300000 | K89: =+$C$17*K86 -> 2990000
B90: SUELDO ANUAL (Ax 12) | C90: =+ROUND(C89*12,0) -> 35880000 | D90: =+ROUND(D89*12,0) -> 31200000 | E90: =+ROUND(E89*12,0) -> 28080000 | F90: =+ROUND(F89*12,0) -> 23400000 | G90: =+ROUND(G89*12,0) -> 31200000 | H90: =+ROUND(H89*12,0) -> 18720000 | I90: =+ROUND(I89*12,0) -> 35880000 | J90: =+ROUND(J89*12,0) -> 15600000 | K90: =+ROUND(K89*12,0) -> 35880000
B91: (C ) CESANTÍAS (A+B)*10% | C91: =+ROUND((C90+C87)*0.1,0) -> 3588000 | D91: =+ROUND((D90+D87)*0.1,0) -> 3314400 | E91: =+ROUND((E90+E87)*0.1,0) -> 3002400 | F91: =+ROUND((F90+F87)*0.1,0) -> 2534400 | G91: =+ROUND((G90+G87)*0.1,0) -> 3314400 | H91: =+ROUND((H90+H87)*0.1,0) -> 2066400 | I91: =+ROUND((I90+I87)*0.1,0) -> 3588000 | J91: =+ROUND((J90+J87)*0.1,0) -> 1560000 | K91: =+ROUND((K90+K87)*0.1,0) -> 3588000
B92: VACACIONES (A+B) | C92: =+ROUND(C89/2,0) -> 1495000 | D92: =+ROUND(D89/2,0) -> 1300000 | E92: =+ROUND(E89/2,0) -> 1170000 | F92: =+ROUND(F89/2,0) -> 975000 | G92: =+ROUND(G89/2,0) -> 1300000 | H92: =+ROUND(H89/2,0) -> 780000 | I92: =+ROUND(I89/2,0) -> 1495000 | J92: =+ROUND(J89/2,0) -> 650000 | K92: =+ROUND(K89/2,0) -> 1495000
B93: PRIMA (A+B) | C93: =+C89+C88 -> 2990000 | D93: =+D89+D88 -> 2762000 | E93: =+E89+E88 -> 2502000 | F93: =+F89+F88 -> 2112000 | G93: =+G89+G88 -> 2762000 | H93: =+H89+H88 -> 1722000 | I93: =+I89+I88 -> 2990000 | J93: =+J89+J88 -> 1300000 | K93: =+K89+K88 -> 2990000
B94: INTERÉS DE CESANTIA (CX12%) | C94: =+ROUND(C91*(1%*12),0) -> 430560 | D94: =+ROUND(D91*(1%*12),0) -> 397728 | E94: =+ROUND(E91*(1%*12),0) -> 360288 | F94: =+ROUND(F91*(1%*12),0) -> 304128 | G94: =+ROUND(G91*(1%*12),0) -> 397728 | H94: =+ROUND(H91*(1%*12),0) -> 247968 | I94: =+ROUND(I91*(1%*12),0) -> 430560 | J94: =+ROUND(J91*(1%*12),0) -> 187200 | K94: =+ROUND(K91*(1%*12),0) -> 430560
B95: FONDO FORMACIÓN PROFESIONAL DEL SENA (A+12/40) | C95: =+ROUND((C89*12)/40,0) -> 897000 | D95: =+ROUND((D89*12)/40,0) -> 780000 | E95: =+ROUND((E89*12)/40,0) -> 702000 | F95: =+ROUND((F89*12)/40,0) -> 585000 | G95: =+ROUND((689455*12)/40,0) -> 206837 | H95: =+ROUND((689455*12)/40,0) -> 206837 | I95: =+ROUND((I89*12)/40,0) -> 897000 | J95: =+ROUND((J89*12)/40,0) -> 390000 | K95: =+ROUND((K89*12)/40,0) -> 897000
B96: AUX. TRANSP CON DESC (B/30)-(360-18) | C96: =(C88/30)*(360-18) -> 0 | D96: =(D88/30)*(360-18) -> 1846800 | E96: =(E88/30)*(360-18) -> 1846800 | F96: =(F88/30)*(360-18) -> 1846800 | G96: =(G88/30)*(360-18) -> 1846800 | H96: =(H88/30)*(360-18) -> 1846800 | I96: =(I88/30)*(360-18) -> 0 | J96: =(J88/30)*(360-18) -> 0 | K96: =(K88/30)*(360-18) -> 0
B97: SALUD, ENFERMEDAD GENERAL Y MUERTE SEGÚN CREE | C97: 0 | D97: 0 | E97: 0 | F97: 0 | G97: 0 | H97: 0 | I97: 0 | J97: 0 | K97: 0
B98: PENSIÓN ((A*12)*12%) | C98: =+ROUND(C90*12%,0) -> 4305600 | D98: =+ROUND(D90*12%,0) -> 3744000 | E98: =+ROUND(E90*12%,0) -> 3369600 | F98: =+ROUND(F90*12%,0) -> 2808000 | G98: =+ROUND(G90*12%,0) -> 3744000 | H98: =+ROUND(H90*12%,0) -> 2246400 | I98: =+ROUND(I90*12%,0) -> 4305600 | J98: =+ROUND(J90*12%,0) -> 1872000 | K98: =+ROUND(K90*12%,0) -> 4305600
B99: RIESGOS PROFESIONALES ((A*12)*6,96) | C99: =+ROUND((C89*12)*6.96%,0) -> 2497248 | D99: =+ROUND((D89*12)*6.96%,0) -> 2171520 | E99: =+ROUND((E89*12)*6.96%,0) -> 1954368 | F99: =+ROUND((F89*12)*6.96%,0) -> 1628640 | G99: =+ROUND((G89*12)*6.96%,0) -> 2171520 | H99: =+ROUND((H89*12)*6.96%,0) -> 1302912 | I99: =+ROUND((I89*12)*6.96%,0) -> 2497248 | J99: =+ROUND((J89*12)*6.96%,0) -> 1085760 | K99: =+ROUND((K89*12)*6.96%,0) -> 2497248
B100: CAJA DE COMPENSACIÓN (A*12)*4%) | C100: =+ROUND((C89*12)*4%,0) -> 1435200 | D100: =+ROUND((D89*12)*4%,0) -> 1248000 | E100: =+ROUND((E89*12)*4%,0) -> 1123200 | F100: =+ROUND((F89*12)*4%,0) -> 936000 | G100: =+ROUND((G89*12)*4%,0) -> 1248000 | H100: =+ROUND((H89*12)*4%,0) -> 748800 | I100: =+ROUND((I89*12)*4%,0) -> 1435200 | J100: =+ROUND((J89*12)*4%,0) -> 624000 | K100: =+ROUND((K89*12)*4%,0) -> 1435200
B101: SENA SEGÚN CREE | C101: 0 | D101: 0 | E101: 0 | F101: 0 | G101: 0 | H101: 0 | I101: 0 | J101: 0 | K101: 0
B102: ICBF SEGÚN CREE | C102: 0 | D102: 0 | E102: 0 | F102: 0 | G102: 0 | H102: 0 | I102: 0 | J102: 0 | K102: 0
B103: DOTACIóN | C103: 0 | D103: =+$C$17*50% -> 650000 | E103: =+$C$17*50% -> 650000 | F103: =+$C$17*50% -> 650000 | G103: =+$C$17*50% -> 650000 | H103: =+$C$17*50% -> 650000 | I103: 0 | J103: 0 | K103: =+$C$17*50% -> 650000
B104: EXAMEN MÉDICO | C104: 336280 | D104: 336280 | E104: 336280 | F104: 336280 | G104: 336280 | H104: 336280 | I104: 336280 | J104: 336280 | K104: 336280
B105: TOTAL ANUAL (X) | C105: =SUM(C90:C104) -> 53854888 | D105: =SUM(D90:D104) -> 49750728 | E105: =SUM(E90:E104) -> 45096936 | F105: =SUM(F90:F104) -> 38116248 | G105: =SUM(G90:G104) -> 49177565 | H105: =SUM(H90:H104) -> 30874397 | I105: =SUM(I90:I104) -> 53854888 | J105: =SUM(J90:J104) -> 23605240 | K105: =SUM(K90:K104) -> 54504888
B106: TOTAL MES | C106: =C105/12 -> 4487907.3 | D106: =D105/12 -> 4145894 | E106: =E105/12 -> 3758078 | F106: =F105/12 -> 3176354 | G106: =G105/12 -> 4098130.4 | H106: =H105/12 -> 2572866.4 | I106: =I105/12 -> 4487907.3 | J106: =J105/12 -> 1967103.3 | K106: =K105/12 -> 4542074
B109: COMISIÓN TOPOGRÁFICA
B110: TOPÓGRAFO | C110: EJERO O CADENERO | D110: AYUDANTE | E110: ALQUILER EQUIPO
B111: 3 | C111: 1.8 | D111: 1.2 | E111: 166766.33
B112: 1 | C112: 0.8 | D112: 0.8
B113: =+B114*12 -> 1944000 | C113: =+C114*12 -> 1944000 | D113: =+D114*12 -> 1944000
B114: =$D$88 -> 162000 | C114: =$D$88 -> 162000 | D114: =$D$88 -> 162000
B115: =+C17 -> 1300000 | C115: =+C17*C112 -> 1040000 | D115: =+C17*D112 -> 1040000
B116: =+ROUND(B115*12,0) -> 15600000 | C116: =+ROUND(C115*12,0) -> 12480000 | D116: =+ROUND(D115*12,0) -> 12480000
B117: =+ROUND((B116+B113)*0.1,0) -> 1754400 | C117: =+ROUND((C116+C113)*0.1,0) -> 1442400 | D117: =+ROUND((D116+D113)*0.1,0) -> 1442400
B118: =+ROUND(B115/2,0) -> 650000 | C118: =+ROUND(C115/2,0) -> 520000 | D118: =+ROUND(D115/2,0) -> 520000
...

Sheet CONCRETOS Y MORTEROS 
B1: ANALISIS DE PRECIO UNITARIO | K1: FM | L1: 1.85
B2: PROYECTO | C2: =+PRESUPUESTO!B1 -> MEJORAMIENTO DE LA VIA QUE COMUNICA LA VEREDA EL ENCANTO CON EL CORREGIMIENTO EL SILENCIO, MUNICIPIO DE CAREPA, DEPARTAMENTO DE ANTIOQUIA.
B3: ID- código:
B5: ITEM | C5: DESCRIPCIÓN | G5: UNIDAD | H5: CANTIDAD
B6: ITEM | C6: DESCRIPCIÓN | G6: UNIDAD | H6: CANTIDAD
A7: 0 | B7: BASICO | C7: Concreto 1:2:2 3500 psi - 24,5 mpa | G7: m3 | H7: 1
B9: I. EQUIPOS Y HERRAMIENTAS | I9: =+C7 -> Concreto 1:2:2 3500 psi - 24,5 mpa | J9: =+H47 -> 696741
B10: EQUIPO | F10: TARIFA/HORA | G10: RENDIMIENTO | H10: Vr. UNITARIO | I10: =+C63 -> Concreto 1:2:3 3000 Psi - 21 Mpa | J10: =+H103 -> 646227
A11: C0010550 | B11: =+IFERROR(VLOOKUP(A11,'equipos y transporte'!$A$4:$E$35,3,FALSE), " ") -> Mezcladora de concreto 1 bulto | F11: =+IFERROR(VLOOKUP(A11,'equipos y transporte'!$A$4:$E$35,5,FALSE), " ") -> 50625 | G11: 6 | H11: =IFERROR(F11/G11, " ") -> 8437.5 | I11: =+C118 -> Concreto 1:2:4 2500 psi - 17,5 mpa | J11: =+H158 -> 605557
B12: =+IFERROR(VLOOKUP(A12,'equipos y transporte'!$A$4:$E$35,3,FALSE), " ") | F12: =+IFERROR(VLOOKUP(A12,'equipos y transporte'!$A$4:$E$35,5,FALSE), " ") | H12: =IFERROR(F12/G12, " ") | I12: =+C173 -> Concreto 14 Mpa | J12: =+H213 -> 574270
B13: =+IFERROR(VLOOKUP(A13,'equipos y transporte'!$A$4:$E$35,3,FALSE), " ") | F13: =+IFERROR(VLOOKUP(A13,'equipos y transporte'!$A$4:$E$35,5,FALSE), " ") | H13: =IFERROR(F13/G13, " ") | I13: =+C228 -> Concreto 1:4:7 1560 psi - 10,1 mpa | J13: =+H268 -> 509575
B14: =+IFERROR(VLOOKUP(A14,'equipos y transporte'!$A$4:$E$35,3,FALSE), " ") | F14: =+IFERROR(VLOOKUP(A14,'equipos y transporte'!$A$4:$E$35,5,FALSE), " ") | H14: =IFERROR(F14/G14, " ") | I14: =+C284 -> PAVIMENTO DE CONCRETO HIDRÁULICO MR 3,8 MPA | J14: =+H324 -> 699527
B15: HERRAMIENTA MENOR (%) | G15: 0.01 | H15: =ROUND(H45*G15,2) -> 1162.42 | I15: =+C340 -> Concreto ciclópeo (Concreto Clase D f´c=21 MPa 60% concreto -40% agregado ciclópeo) | J15: =+H380 -> 513266
G16: SUBTOTAL $ | H16: =ROUND(SUM(H11:H15),2) -> 9599.92 | I16: =+C395 -> Mortero 1:2 | J16: =+H435 -> 627290
I17: =+C450 -> Mortero 1:3 | J17: =+H486 -> 608777
B18: II. MATERIALES | I18: =+C501 -> Mortero 1:4 | J18: =+H538 -> 525530
B19: INSUMOS | D19: UNIDAD | E19: CANTIDAD | F19: DESP % | G19: PRECIO UNIT. | H19: Vr. UNITARIO
A20: B0063200 | B20: =IFERROR(VLOOKUP(A20,insumos!$A$3:$E$39,3,FALSE), " ") -> Agua | D20: =IFERROR(VLOOKUP(A20,insumos!$A$3:$E$39,4,FALSE), " ") -> lt | E20: 200 | F20: 0.03 | G20: =IFERROR(VLOOKUP(A20,insumos!$A$3:$E$39,5,FALSE), " ") -> 111.375 | H20: =+IFERROR(ROUND(G20*(E20*(1+F20/100)),2), " ") -> 22281.68
A21: B0093350 | B21: =IFERROR(VLOOKUP(A21,insumos!$A$3:$E$39,3,FALSE), " ") -> Arena lavada | D21: =IFERROR(VLOOKUP(A21,insumos!$A$3:$E$39,4,FALSE), " ") -> m3 | E21: 0.67 | F21: 0.03 | G21: =IFERROR(VLOOKUP(A21,insumos!$A$3:$E$39,5,FALSE), " ") -> 80190 | H21: =+IFERROR(ROUND(G21*(E21*(1+F21/100)),2), " ") -> 53743.42
A22: B0053100 | B22: =IFERROR(VLOOKUP(A22,insumos!$A$3:$E$39,3,FALSE), " ") -> Agregado para concreto hidráulico | D22: =IFERROR(VLOOKUP(A22,insumos!$A$3:$E$39,4,FALSE), " ") -> m3 | E22: 0.68 | F22: 0.03 | G22: =IFERROR(VLOOKUP(A22,insumos!$A$3:$E$39,5,FALSE), " ") -> 83939.625 | H22: =+IFERROR(ROUND(G22*(E22*(1+F22/100)),2), " ") -> 57096.07
A23: B0100001 | B23: =IFERROR(VLOOKUP(A23,insumos!$A$3:$E$39,3,FALSE), " ") -> Cemento gris | D23: =IFERROR(VLOOKUP(A23,insumos!$A$3:$E$39,4,FALSE), " ") -> kg | E23: 420 | F23: 0.03 | G23: =IFERROR(VLOOKUP(A23,insumos!$A$3:$E$39,5,FALSE), " ") -> 835.3125 | H23: =+IFERROR(ROUND(G23*(E23*(1+F23/100)),2), " ") -> 350936.5
B24: =IFERROR(VLOOKUP(A24,insumos!$A$3:$E$39,3,FALSE), " ") | D24: =IFERROR(VLOOKUP(A24,insumos!$A$3:$E$39,4,FALSE), " ") | G24: =IFERROR(VLOOKUP(A24,insumos!$A$3:$E$39,5,FALSE), " ") | H24: =+IFERROR(ROUND(G24*(E24*(1+F24/100)),2), " ")
B25: =IFERROR(VLOOKUP(A25,insumos!$A$3:$E$39,3,FALSE), " ") | D25: =IFERROR(VLOOKUP(A25,insumos!$A$3:$E$39,4,FALSE), " ") | G25: =IFERROR(VLOOKUP(A25,insumos!$A$3:$E$39,5,FALSE), " ") | H25: =+IFERROR(ROUND(G25*(E25*(1+F25/100)),2), " ")
B26: =IFERROR(VLOOKUP(A26,insumos!$A$3:$E$39,3,FALSE), " ") | D26: =IFERROR(VLOOKUP(A26,insumos!$A$3:$E$39,4,FALSE), " ") | G26: =IFERROR(VLOOKUP(A26,insumos!$A$3:$E$39,5,FALSE), " ") | H26: =+IFERROR(ROUND(G26*(E26*(1+F26/100)),2), " ")
B27: =IFERROR(VLOOKUP(A27,insumos!$A$3:$E$39,3,FALSE), " ") | D27: =IFERROR(VLOOKUP(A27,insumos!$A$3:$E$39,4,FALSE), " ") | G27: =IFERROR(VLOOKUP(A27,insumos!$A$3:$E$39,5,FALSE), " ")
G28: SUBTOTAL $ | H28: =ROUND(SUM(H20:H27),2) -> 484057.67
B30: III. TRANSPORTES
B31: MATERIAL | D31: CANTIDAD (1) | E31: DISTANCIA (2) | F31: (1) * (2) | G31: TARIFA | H31: Vr. UNITARIO
A32: T0010005 | B32: =IFERROR(VLOOKUP(A32,'equipos y transporte'!$A$4:$E$35,3,FALSE), " ") -> Transporte de Arena Lavada | D32: =+E21 -> 0.67 | E32: =+cantera -> 35 | F32: =IFERROR(D32*E32, " ") -> 23.45 | G32: =IFERROR(VLOOKUP(A32,'equipos y transporte'!$A$4:$E$35,5,FALSE), " ") -> 1672.9261 | H32: =IFERROR(ROUND(F32*G32,2), " ") -> 39230.12
A33: T0010042 | B33: =IFERROR(VLOOKUP(A33,'equipos y transporte'!$A$4:$E$35,3,FALSE), " ") -> Transporte de Material Triturado | D33: =+E22 -> 0.68 | E33: =+cantera -> 35 | F33: =IFERROR(D33*E33, " ") -> 23.8 | G33: =IFERROR(VLOOKUP(A33,'equipos y transporte'!$A$4:$E$35,5,FALSE), " ") -> 1672.9261 | H33: =IFERROR(ROUND(F33*G33,2), " ") -> 39815.64
A34: T2 | B34: =IFERROR(VLOOKUP(A34,'equipos y transporte'!$A$4:$E$35,3,FALSE), " ") -> Transporte de cemento | D34: =+E23 -> 420 | E34: =+escombro -> 15 | F34: =IFERROR(D34*E34, " ") -> 6300 | G34: =IFERROR(VLOOKUP(A34,'equipos y transporte'!$A$4:$E$35,5,FALSE), " ") -> 1.2375 | H34: =IFERROR(ROUND(F34*G34,2), " ") -> 7796.25
B35: =IFERROR(VLOOKUP(A35,'equipos y transporte'!$A$4:$E$35,3,FALSE), " ") | F35: =IFERROR(D35*E35, " ") -> 0 | G35: =IFERROR(VLOOKUP(A35,'equipos y transporte'!$A$4:$E$35,5,FALSE), " ") | H35: =IFERROR(ROUND(F35*G35,2), " ")
B36: =IFERROR(VLOOKUP(A36,'equipos y transporte'!$A$4:$E$35,3,FALSE), " ") | F36: =IFERROR(D36*E36, " ") -> 0 | G36: =IFERROR(VLOOKUP(A36,'equipos y transporte'!$A$4:$E$35,5,FALSE), " ") | H36: =IFERROR(ROUND(F36*G36,2), " ")
G37: SUBTOTAL $ | H37: =SUM(H32:H36) -> 86842.01
B39: IV. MANO DE OBRA
B40: TRABAJADOR | D40: JORNAL | E40: PRESTACIONES (%) | F40: JORNAL TOTAL | G40: RENDIMIENTO | H40: Vr. UNITARIO
A41: A0040010 | B41: Oficial | D41: =+ofic -> 73666.667 | E41: =+$L$57 -> 1.85 | F41: =+IFERROR(D41*E41, " ") -> 136283.33 | G41: =+$G$11 -> 6 | H41: =IFERROR(ROUND(F41/G41,2),0) -> 22713.89
A42: A0030021 | B42: Obrero (7) | C42: 7 | D42: =+jornal*C42 -> 303333.33 | E42: =+$L$57 -> 1.85 | F42: =+IFERROR(D42*E42, " ") -> 561166.67 | G42: =+$G$11 -> 6 | H42: =IFERROR(ROUND(F42/G42,2),0) -> 93527.78
F43: =+IFERROR(D43*E43, " ") -> 0 | H43: =IFERROR(ROUND(F43/G43,2),0) -> 0
F44: =+IFERROR(D44*E44, " ") -> 0 | H44: =IFERROR(ROUND(F44/G44,2),0) -> 0
G45: SUBTOTAL $ | H45: =ROUND(SUM(H41:H44),2) -> 116241.67
G47: TOTAL COSTO DIRECTO Aproximado al Peso $ | H47: =IFERROR(ROUND(H16+H28+H37+H45,0)," " ) -> 696741
B49: V. COSTOS INDIRECTOS
B51: Descripción | F51: Porcentaje | G51: Valor Total
B52: ADMINISTRACION | G52: =ROUND(H47*F52,2) -> 0
B53: IMPREVISTOS | G53: =ROUND(H47*F53,2) -> 0
B54: SUBTOTAL $ | H54: =ROUND(G52+G53,2) -> 0
A56: PFinal01 | H56: =ROUND(H47+H54,0) -> 696741
B57: ANALISIS DE PRECIO UNITARIO | K57: FM | L57: 1.85
B58: PROYECTO | C58: =+C2 -> MEJORAMIENTO DE LA VIA QUE COMUNICA LA VEREDA EL ENCANTO CON EL CORREGIMIENTO EL SILENCIO, MUNICIPIO DE CAREPA, DEPARTAMENTO DE ANTIOQUIA.
B59: ID- código:
B61: ITEM | C61: DESCRIPCIÓN | G61: UNIDAD | H61: CANTIDAD
B62: ITEM | C62: DESCRIPCIÓN | G62: UNIDAD | H62: CANTIDAD
A63: 0 | B63: BASICO | C63: Concreto 1:2:3 3000 Psi - 21 Mpa | G63: m3 | H63: 1
B65: I. EQUIPOS Y HERRAMIENTAS
B66: EQUIPO | F66: TARIFA/HORA | G66: RENDIMIENTO | H66: Vr. UNITARIO
A67: C0010550 | B67: =+IFERROR(VLOOKUP(A67,'equipos y transporte'!$A$4:$E$35,3,FALSE), " ") -> Mezcladora de concreto 1 bulto | F67: =+IFERROR(VLOOKUP(A67,'equipos y transporte'!$A$4:$E$35,5,FALSE), " ") -> 50625 | G67: 6 | H67: =IFERROR(F67/G67, " ") -> 8437.5
B68: =+IFERROR(VLOOKUP(A68,'equipos y transporte'!$A$4:$E$35,3,FALSE), " ") | F68: =+IFERROR(VLOOKUP(A68,'equipos y transporte'!$A$4:$E$35,5,FALSE), " ") | H68: =IFERROR(F68/G68, " ")
B69: =+IFERROR(VLOOKUP(A69,'equipos y transporte'!$A$4:$E$35,3,FALSE), " ") | F69: =+IFERROR(VLOOKUP(A69,'equipos y transporte'!$A$4:$E$35,5,FALSE), " ") | H69: =IFERROR(F69/G69, " ")
B70: =+IFERROR(VLOOKUP(A70,'equipos y transporte'!$A$4:$E$35,3,FALSE), " ") | F70: =+IFERROR(VLOOKUP(A70,'equipos y transporte'!$A$4:$E$35,5,FALSE), " ") | H70: =IFERROR(F70/G70, " ")
B71: HERRAMIENTA MENOR (%) | G71: 0.01 | H71: =ROUND(H101*G71,2) -> 1162.42
G72: SUBTOTAL $ | H72: =ROUND(SUM(H67:H71),2) -> 9599.92
B74: II. MATERIALES
B75: INSUMOS | D75: UNIDAD | E75: CANTIDAD | F75: DESP % | G75: PRECIO UNIT. | H75: Vr. UNITARIO
A76: B0063200 | B76: =IFERROR(VLOOKUP(A76,insumos!$A$3:$E$39,3,FALSE), " ") -> Agua | D76: =IFERROR(VLOOKUP(A76,insumos!$A$3:$E$39,4,FALSE), " ") -> lt | E76: 190 | F76: 0.03 | G76: =IFERROR(VLOOKUP(A76,insumos!$A$3:$E$39,5,FALSE), " ") -> 111.375 | H76: =+IFERROR(ROUND(G76*(E76*(1+F76/100)),2), " ") -> 21167.6
A77: B0093350 | B77: =IFERROR(VLOOKUP(A77,insumos!$A$3:$E$39,3,FALSE), " ") -> Arena lavada | D77: =IFERROR(VLOOKUP(A77,insumos!$A$3:$E$39,4,FALSE), " ") -> m3 | E77: 0.56 | F77: 0.03 | G77: =IFERROR(VLOOKUP(A77,insumos!$A$3:$E$39,5,FALSE), " ") -> 80190 | H77: =+IFERROR(ROUND(G77*(E77*(1+F77/100)),2), " ") -> 44919.87
A78: B0053100 | B78: =IFERROR(VLOOKUP(A78,insumos!$A$3:$E$39,3,FALSE), " ") -> Agregado para concreto hidráulico | D78: =IFERROR(VLOOKUP(A78,insumos!$A$3:$E$39,4,FALSE), " ") -> m3 | E78: 0.86 | F78: 0.03 | G78: =IFERROR(VLOOKUP(A78,insumos!$A$3:$E$39,5,FALSE), " ") -> 83939.625 | H78: =+IFERROR(ROUND(G78*(E78*(1+F78/100)),2), " ") -> 72209.73
A79: B0100001 | B79: =IFERROR(VLOOKUP(A79,insumos!$A$3:$E$39,3,FALSE), " ") -> Cemento gris | D79: =IFERROR(VLOOKUP(A79,insumos!$A$3:$E$39,4,FALSE), " ") -> kg | E79: 350 | F79: 0.03 | G79: =IFERROR(VLOOKUP(A79,insumos!$A$3:$E$39,5,FALSE), " ") -> 835.3125 | H79: =+IFERROR(ROUND(G79*(E79*(1+F79/100)),2), " ") -> 292447.08
B80: =IFERROR(VLOOKUP(A80,insumos!$A$3:$E$39,3,FALSE), " ") | D80: =IFERROR(VLOOKUP(A80,insumos!$A$3:$E$39,4,FALSE), " ") | G80: =IFERROR(VLOOKUP(A80,insumos!$A$3:$E$39,5,FALSE), " ") | H80: =+IFERROR(ROUND(G80*(E80*(1+F80/100)),2), " ")
B81: =IFERROR(VLOOKUP(A81,insumos!$A$3:$E$39,3,FALSE), " ") | D81: =IFERROR(VLOOKUP(A81,insumos!$A$3:$E$39,4,FALSE), " ") | G81: =IFERROR(VLOOKUP(A81,insumos!$A$3:$E$39,5,FALSE), " ") | H81: =+IFERROR(ROUND(G81*(E81*(1+F81/100)),2), " ")
B82: =IFERROR(VLOOKUP(A82,insumos!$A$3:$E$39,3,FALSE), " ") | D82: =IFERROR(VLOOKUP(A82,insumos!$A$3:$E$39,4,FALSE), " ") | G82: =IFERROR(VLOOKUP(A82,insumos!$A$3:$E$39,5,FALSE), " ") | H82: =+IFERROR(ROUND(G82*(E82*(1+F82/100)),2), " ")
B83: =IFERROR(VLOOKUP(A83,insumos!$A$3:$E$39,3,FALSE), " ") | D83: =IFERROR(VLOOKUP(A83,insumos!$A$3:$E$39,4,FALSE), " ") | G83: =IFERROR(VLOOKUP(A83,insumos!$A$3:$E$39,5,FALSE), " ") | H83: =+IFERROR(ROUND(G83*(E83*(1+F83/100)),2), " ")
G84: SUBTOTAL $ | H84: =ROUND(SUM(H76:H83),2) -> 430744.28
B86: III. TRANSPORTES
B87: MATERIAL | D87: CANTIDAD (1) | E87: DISTANCIA (2) | F87: (1) * (2) | G87: TARIFA | H87: Vr. UNITARIO
A88: T0010005 | B88: =IFERROR(VLOOKUP(A88,'equipos y transporte'!$A$4:$E$35,3,FALSE), " ") -> Transporte de Arena Lavada | D88: =+E77 -> 0.56 | E88: =+cantera -> 35 | F88: =IFERROR(D88*E88, " ") -> 19.6 | G88: =IFERROR(VLOOKUP(A88,'equipos y transporte'!$A$4:$E$35,5,FALSE), " ") -> 1672.9261 | H88: =IFERROR(ROUND(F88*G88,2), " ") -> 32789.35
A89: T0010042 | B89: =IFERROR(VLOOKUP(A89,'equipos y transporte'!$A$4:$E$35,3,FALSE), " ") -> Transporte de Material Triturado | D89: =+E78 -> 0.86 | E89: =+cantera -> 35 | F89: =IFERROR(D89*E89, " ") -> 30.1 | G89: =IFERROR(VLOOKUP(A89,'equipos y transporte'!$A$4:$E$35,5,FALSE), " ") -> 1672.9261 | H89: =IFERROR(ROUND(F89*G89,2), " ") -> 50355.08
A90: T2 | B90: =IFERROR(VLOOKUP(A90,'equipos y transporte'!$A$4:$E$35,3,FALSE), " ") -> Transporte de cemento | D90: =+E79 -> 350 | E90: 15 | F90: =IFERROR(D90*E90, " ") -> 5250 | G90: =IFERROR(VLOOKUP(A90,'equipos y transporte'!$A$4:$E$35,5,FALSE), " ") -> 1.2375 | H90: =IFERROR(ROUND(F90*G90,2), " ") -> 6496.88
B91: =IFERROR(VLOOKUP(A91,'equipos y transporte'!$A$4:$E$35,3,FALSE), " ") | F91: =IFERROR(D91*E91, " ") -> 0 | G91: =IFERROR(VLOOKUP(A91,'equipos y transporte'!$A$4:$E$35,5,FALSE), " ") | H91: =IFERROR(ROUND(F91*G91,2), " ")
B92: =IFERROR(VLOOKUP(A92,'equipos y transporte'!$A$4:$E$35,3,FALSE), " ") | F92: =IFERROR(D92*E92, " ") -> 0 | G92: =IFERROR(VLOOKUP(A92,'equipos y transporte'!$A$4:$E$35,5,FALSE), " ") | H92: =IFERROR(ROUND(F92*G92,2), " ")
G93: SUBTOTAL $ | H93: =SUM(H88:H92) -> 89641.31
B95: IV. MANO DE OBRA
B96: TRABAJADOR | D96: JORNAL | E96: PRESTACIONES (%) | F96: JORNAL TOTAL | G96: RENDIMIENTO | H96: Vr. UNITARIO
A97: A0040010 | B97: Oficial | D97: =+ofic -> 73666.667 | E97: =+$L$57 -> 1.85 | F97: =+IFERROR(D97*E97, " ") -> 136283.33 | G97: =+$G$67 -> 6 | H97: =IFERROR(ROUND(F97/G97,2),0) -> 22713.89
A98: A0030021 | B98: Obrero (7) | C98: 7 | D98: =+jornal*C98 -> 303333.33 | E98: =+$L$57 -> 1.85 | F98: =+IFERROR(D98*E98, " ") -> 561166.67 | G98: =+$G$67 -> 6 | H98: =IFERROR(ROUND(F98/G98,2),0) -> 93527.78
F99: =+IFERROR(D99*E99, " ") -> 0 | H99: =IFERROR(ROUND(F99/G99,2),0) -> 0
F100: =+IFERROR(D100*E100, " ") -> 0 | H100: =IFERROR(ROUND(F100/G100,2),0) -> 0
G101: SUBTOTAL $ | H101: =ROUND(SUM(H97:H100),2) -> 116241.67
G103: TOTAL COSTO DIRECTO Aproximado al Peso $ | H103: =IFERROR(ROUND(H72+H84+H93+H101,0)," " ) -> 646227
B105: V. COSTOS INDIRECTOS
B107: Descripción | F107: Porcentaje | G107: Valor Total
B108: ADMINISTRACION | G108: =ROUND(H103*F108,2) -> 0
B109: IMPREVISTOS | G109: =ROUND(H103*F109,2) -> 0
B110: SUBTOTAL $ | H110: =ROUND(G108+G109,2) -> 0
A112: PFinal01 | H112: =ROUND(H103+H110,0) -> 646227
B113: ANALISIS DE PRECIO UNITARIO
B114: PROYECTO | C114: =+C58 -> MEJORAMIENTO DE LA VIA QUE COMUNICA LA VEREDA EL ENCANTO CON EL CORREGIMIENTO EL SILENCIO, MUNICIPIO DE CAREPA, DEPARTAMENTO DE ANTIOQUIA.
B115: ID- código:
B117: ITEM | C117: DESCRIPCIÓN | G117: UNIDAD | H117: CANTIDAD
B118: BASICO | C118: Concreto 1:2:4 2500 psi - 17,5 mpa | G118: m3 | H118: 1
...

Sheet Canastilla
B3: ITEM | C3: DESCRIPCION | G3: UNIDAD | H3: VALOR UNITARIO
B4: 13 | C4: =IFERROR(VLOOKUP(B4,[126]PTO!$C$7:$F$39,3,0),"-") -> CANASTILLAS SOPORTES DE DOVELAS ( INCLUYE CORTE, CONFIGURACIÓN Y SOLDADURA) | G4: m3 | H4: =+H37 -> 44131.678
B6: I.EQUIPO
B7: Codigo | C7: Descripcion | E7: Unidad | F7: Tarifa/hora | G7: Rendimiento | H7: Valor-Unit
B8: E-01 | C8: Herramienta Menor (5% M.O) | E8: % | F8: 0.05 | H8: =+F8*H35 -> 1135.6944
B9: E-28 | C9: Cizalla manual de 90 cm | E9: H | F9: =+'equipos y transporte'!E9 -> 2945.25 | G9: 12 | H9: =+F9/G9 -> 245.4375
B10: E-56 | C10: Equipo de soldadura 250 AMP | E10: H | F10: =+'equipos y transporte'!E15 -> 16065 | G10: =+G9 -> 12 | H10: =+F10/G10 -> 1338.75
G12: Sub-total | H12: =SUM(H8:H11) -> 2719.8819
B14: II.MATERIALES EN OBRA
B15: Codigo | C15: Descripcion | E15: Unidad | F15: Precio-Unit | G15: Cantidad | H15: Valor-Unit
B16: M-06 | C16: Acero de refuerzo PDR-60, Fy: 4200 kg/cm2 | E16: Kg | F16: =+insumos!E3 -> 6171.4923 | G16: 2.05 | H16: =+F16*G16 -> 12651.559
B17: M-21 | C17: Soldadura 60-11 | E17: Kg | F17: =+insumos!E34 -> 19950.241 | G17: 0.01 | H17: =+F17*G17 -> 199.50241
C18: Tubo PVC | E18: m | F18: =+insumos!E35 -> 2632.5 | G18: =2.7*1.03/1.49 -> 1.866443 | H18: =+F18*G18 -> 4913.4111
B19: M00035 | C19: Aceite de motor 4 tiempos | E19: Gl | F19: =+insumos!E38 -> 89100 | G19: 0.01 | H19: =+F19*G19 -> 891
G22: Sub-total | H22: =SUM(H16:H21) -> 18655.473
B24: III.TRANSPORTE
B25: Codigo | C25: Descripcion | D25: UNIDAD | E25: Tarifa | F25: CANTIDAD | G25: DITANCIA | H25: Valor-Unit
B26: T-01 | C26: =IFERROR(VLOOKUP(B26,[126]Transporte!$C$12:$F$543,2,0),"-") -> Transporte de acero | D26: =IFERROR(VLOOKUP(B26,[126]Transporte!$C$12:$F$543,3,0),"-") -> kg-km | E26: =+'equipos y transporte'!E27 -> 1.035 | F26: =+G16 -> 2.05 | G26: =+acero -> 20 | H26: =+E26*F26*G26 -> 42.435
G28: Sub-total | H28: =SUM(H26:H27) -> 42.435
B30: IV.MANO DE OBRA
B31: Codigo | C31: Descripcion | D31: Unidad | E31: Valor Jornal | F31: Prestaciones | G31: Rendimiento | H31: Valor-Unit
B32: MO-44 | C32: =IFERROR(VLOOKUP(B32,[126]M.O!$C$23:$G$10168,2,0),"-") -> Soldador | D32: =IFERROR(VLOOKUP(B32,[126]M.O!$C$23:$G$10168,3,0),"-") -> día | E32: =+ofic -> 73666.667 | F32: =+[126]M.O!$G$18+1 -> 1.85 | G32: 12 | H32: =+(E32)*F32/G32 -> 11356.944
B33: MO-19 | C33: =IFERROR(VLOOKUP(B33,[126]M.O!$C$23:$G$10168,2,0),"-") -> Oficial | D33: =IFERROR(VLOOKUP(B33,[126]M.O!$C$23:$G$10168,3,0),"-") -> dia | E33: =+ofic -> 73666.667 | F33: =+[126]M.O!$G$18+1 -> 1.85 | G33: 12 | H33: =+(E33)*F33/G33 -> 11356.944
G35: Sub-total | H35: =SUM(H32:H34) -> 22713.889
F37: Costo-total-directo | H37: =+H12+H22+H28+H35 -> 44131.678
